 Dungeon Crawl Stone Soup version 0.30-a0-760-g5a9884bb7c (console) character file.

Game seed: 2855244662188195525

17575814 rlgrobin the Demonic Aeon (level 27, 237/237 HPs)
             Began as a Demonspawn Wanderer on Feb 9, 2023.
             Was the Champion of Cheibriados.
             Escaped with the Orb
             ... and 15 runes on Feb 11, 2023!
             The game lasted 06:48:25 (87924 turns).

rlgrobin the Demonic Aeon (Demonspawn Wanderer)    Turns: 87924, Time: 06:48:25

Health: 237/237    AC: 35    Str: 32    XL:     27
Magic:  45/45      EV: 43    Int: 48    God:    Cheibriados [******]
Gold:   10812      SH: 31    Dex: 38    Spells: 11/63 levels left

rFire   + + .      SeeInvis +      - Unarmed
rCold   + + +      Faith    .    n - +5 kite shield {rF+}
rNeg    . . .      Spirit   +    E - +4 swamp dragon scales "Moiruth" {rElec rPois rCorr Stlth+}
rPois   +          Reflect  .    (helmet unavailable)
rElec   +          Harm     .    r - +2 cloak of Panentheism {Drain rC++ Regen+ Str+3}
rCorr   +          Rampage  .    X - +3 pair of gauntlets of War {Slay+5}
Will    +++..                    x - +2 pair of boots {Fly}
Stlth   ++                       W - amulet "Wisat" {Regen+ Str+2 Dex+3}
HPRegen 2.19/turn                Z - ring "Reel Unk" {rF+ Int+6}
MPRegen 0.58/turn                C - ring of the Priest {rC+ AC+4 Int+2}

@: flying, studying 4 skills, very slow
A: antennae 3, large bone plates 3, spiny 3, augmentation 3, magic shield, magic
regeneration, magic link, hooves 1, agile 1, clever 1, strong-willed 1, shaggy
fur 1
0: Orb of Zot
}: 15/15 runes: serpentine, barnacled, slimy, silver, golden, iron, obsidian,
icy, bone, abyssal, demonic, glowing, magical, fiery, dark
a: Renounce Religion, Bend Time, Temporal Distortion, Slouch, Step From Time


You escaped.
You worshipped Cheibriados.
Cheibriados was exalted by your worship.
You visited 18 branches of the dungeon, and saw 88 of its levels.
You visited Pandemonium 1 time, and saw 14 of its levels.
You visited the Abyss 2 times.
You also visited: Trove, Bailey, Gauntlet and Ice Cave.

You collected 16602 gold pieces.
You spent 5790 gold pieces at shops.

Inventory:

Hand Weapons
 g - the +4 staff of Dispater
   (You took it off Dispater on level 7 of the Iron City of Dis)

   Wielding it grants the ability to hurl damnation at the cost of health and
   magic, with strength depending on Evocations skill.
Missiles
 z - 5 throwing nets
 O - 17 curare-tipped darts (quivered)
Armour
 i - the +4 kite shield "Rahimien" {Regen+ Str+3}
   (You found it on level 3 of the Tomb of the Ancients)

   Str:       It affects your strength (+3).
   Regen:     It increases your rate of health regeneration.
 n - a +5 kite shield of fire resistance (worn)
 q - the +8 orange crystal plate armour {Archmagi, Int+3 Clar}
   (You found it on level 5 of the Pits of Slime)

   Int:       It affects your intelligence (+3).
   Clar:      It protects you against confusion.
 r - the +2 cloak of Panentheism (worn) {Drain rC++ Regen+ Str+3}
   (You found it on level 7 of Tartarus)

   Str:       It affects your strength (+3).
   rC:        It greatly protects you from cold.
   Regen:     It increases your rate of health regeneration.
   Drain:     It drains your maximum health when unequipped.
 x - a +2 pair of boots of flying (worn)
 E - the +4 swamp dragon scales "Moiruth" (worn) {rElec rPois rCorr Stlth+}
   (You bought it in a shop on level 11 of the Dungeon)

   rElec:     It insulates you from electricity.
   rPois:     It protects you from poison.
   rCorr:     It protects you from acid and corrosion.
   Stlth:     It makes you more stealthy.
 X - the +3 pair of gauntlets of War (worn) {Slay+5}
   (You found it on level 5 of the Vaults)

   Slay:      It affects your accuracy & damage with ranged weapons and melee
   (+5).
Jewellery
 f - the ring of Nuoloo {rElec Will+ Str+6}
   (You found it on level 4 of the Depths)

   [ring of strength]

   Str:       It affects your strength (+6).
   rElec:     It insulates you from electricity.
   Will:      It increases your willpower.
 v - the amulet of the Four Winds {rN+ Will+++ Clar}
   (You found it on level 7 of Tartarus)

   [amulet of nothing]

   rN:        It protects you from negative energy.
   Clar:      It protects you against confusion.
   Will:      It greatly increases your willpower.
 y - the ring of the Hare {EV+10}
   (You found it on level 1 of the Vaults)

   [ring of evasion]

   EV:        It affects your evasion (+10).
 C - the ring of the Priest (right hand) {rC+ AC+4 Int+2}
   (You took it off a deep elf elementalist on level 3 of the Elven Halls)

   [ring of protection]

   AC:        It affects your AC (+4).
   Int:       It affects your intelligence (+2).
   rC:        It protects you from cold.
 F - a ring of flight
 H - the ring "Vedghuhy" {rElec rF+++ EV+5 Int-3 Slay-6}
   (You found it on level 7 of Tartarus)

   [ring of evasion]

   EV:        It affects your evasion (+5).
   Int:       It affects your intelligence (-3).
   Slay:      It affects your accuracy & damage with ranged weapons and melee
   (-6).
   rF:        It renders you almost immune to fire.
   rElec:     It insulates you from electricity.
 W - the amulet "Wisat" (around neck) {Regen+ Str+2 Dex+3}
   (You found it in a treasure trove)

   [amulet of regeneration]

   Str:       It affects your strength (+2).
   Dex:       It affects your dexterity (+3).
   Regen:     It increases your rate of health regeneration.
 Y - the ring "Qajutz" {rN+++ Str+6 Stlth-}
   (You found it on level 5 of the Vaults)

   [ring of strength]

   Str:       It affects your strength (+6).
   rN:        It renders you almost immune to negative energy.
   Stlth:     It makes you less stealthy.
 Z - the ring "Reel Unk" (left hand) {rF+ Int+6}
   (You found it on level 5 of the Pits of Slime)

   [ring of intelligence]

   Int:       It affects your intelligence (+6).
   rF:        It protects you from fire.
Wands
 w - a wand of polymorph (3)
 G - a wand of light (11)
 J - a wand of paralysis (14)
 N - a wand of roots (45)
 R - a wand of digging (6)
Scrolls
 b - 5 scrolls of teleportation
 d - 2 scrolls of butterflies
 h - 9 scrolls of blinking
 k - 8 scrolls of magic mapping
 u - 6 scrolls of fog
 I - a scroll of torment
 M - 14 scrolls of fear
 P - 6 scrolls of amnesia
Potions
 a - 4 potions of magic
 c - 6 potions of mutation
 e - 3 potions of heal wounds
 j - 13 potions of lignification
 l - 21 potions of brilliance
 m - 23 potions of curing
 t - 5 potions of ambrosia
 A - 10 potions of might
 B - 7 potions of invisibility
 D - a potion of cancellation
 K - 7 potions of resistance
 L - 5 potions of flight
Miscellaneous
 o - a figurine of a ziggurat
 p - the horn of Geryon
 s - a condenser vane
 Q - a phantom mirror
 S - a box of beasts
 V - a phial of floods


   Skills:
 + Level 23.8 Fighting
 - Level 21.1 Armour
 - Level 23.1 Dodging
 - Level 3.1 Stealth
 - Level 14.4 Shields
 - Level 24.6 Unarmed Combat
 - Level 18.9 Spellcasting
 - Level 3.2 Hexes
 - Level 11.7 Summonings
 - Level 19.9 Necromancy
 - Level 9.8 Translocations
 - Level 18.1 Transmutations
 - Level 6.5 Air Magic
 O Level 27 Invocations
 - Level 15.0 Evocations


You had 11 spell levels left.
You knew the following spells:

 Your Spells              Type           Power      Damage    Failure   Level
a - Haunt                 Necr/Summ      81%        N/A       1%          7
b - Summon Mana Viper     Hex/Summ       100%       N/A       1%          5
c - Summon Cactus Giant   Summ           74%        N/A       1%          6
d - Blink                 Tloc           100%       N/A       1%          2
e - Wereblood             Tmut           100%       N/A       0%          2
f - Blade Hands           Tmut           85%        N/A       0%          5
g - Dispel Undead         Necr           100%       3d31      0%          4
h - Manifold Assault      Tloc           100%       N/A       1%          4
i - Necromutation         Tmut/Necr      86%        N/A       2%          8
j - Lesser Beckoning      Tloc           100%       N/A       1%          2
k - Storm Form            Tmut/Air       76%        N/A       4%          7

Your spell library contained the following spells:

 Spells                   Type           Power      Damage    Failure   Level
 Apportation              Tloc           100%       N/A       0%          1
 Beastly Appendage        Tmut           100%       N/A       0%          1
 Kiss of Death            Conj/Necr      100%       2d13      0%          1
 Necrotise                Necr           100%       1d9       0%          1
 Summon Small Mammal      Summ           100%       N/A       0%          1
 Sublimation of Blood     Necr           100%       N/A       0%          2
 Vampiric Draining        Necr           100%       2d13      0%          3
 Animate Dead             Necr           100%       N/A       0%          4
 Agony                    Necr           100%       N/A       0%          5
 Foxfire                  Conj/Fire      100%       2x1d9     1%          1
 Freeze                   Ice            100%       1d10      1%          1
 Sandblast                Erth           100%       2d20      1%          1
 Shock                    Conj/Air       100%       1d9       1%          1
 Slow                     Hex            100%       N/A       1%          1
 Sting                    Tmut/Pois      100%       1d8       1%          1
 Cigotuvi's Dreadful Rot  Necr/Pois/Air  100%       N/A       1%          2
 Ensorcelled Hibernation  Hex/Ice        100%       N/A       1%          2
 Momentum Strike          Conj/Tloc      100%       3d10      1%          2
 Passwall                 Tmut/Erth      100%       N/A       1%          2
 Poisonous Vapours        Pois/Air       100%       N/A       1%          2
 Call Canine Familiar     Summ           100%       N/A       1%          3
 Confusing Touch          Hex            100%       N/A       1%          3
 Dazzling Flash           Conj/Hex       100%       N/A       1%          3
 Gell's Gravitas          Tloc           100%       N/A       1%          3
 Ignite Poison            Fire/Tmut/Pois 100%       N/A       1%          3
 Inner Flame              Hex/Fire       94%        N/A       1%          3
 Kindle Blastsparks       Fire/Tloc/Air  100%       2d18      1%          3
 Mephitic Cloud           Conj/Pois/Air  98%        N/A       1%          3
 Portal Projectile        Hex/Tloc       100%       N/A       1%          3
 Spider Form              Tmut/Pois      100%       N/A       1%          3
 Summon Guardian Golem    Hex/Summ       100%       N/A       1%          3
 Swiftness                Air            100%       N/A       1%          3
 Tukima's Dance           Hex            100%       N/A       1%          3
 Vhi's Electric Charge    Tloc/Air       100%       N/A       1%          3
 Airstrike                Air            63%        2d(9-25)  1%          4
 Anguish                  Hex/Necr       74%        N/A       1%          4
 Animate Armour           Summ/Erth      100%       N/A       1%          4
 Ice Form                 Ice/Tmut       100%       N/A       1%          4
 Iskenderun's Mystic Bla  Conj/Tloc      100%       2d19      1%          4
 Passage of Golubria      Tloc           100%       N/A       1%          4
 Petrify                  Tmut/Erth      100%       N/A       1%          4
 Summon Ice Beast         Ice/Summ       100%       N/A       1%          4
 Summon Lightning Spire   Summ/Air       100%       N/A       1%          4
 Alistair's Intoxication  Tmut/Pois      92%        N/A       1%          5
 Borgnjor's Vile Clutch   Necr/Erth      71%        N/A       1%          5
 Irradiate                Conj/Tmut      69%        3d34      1%          5
 Summon Forest            Summ/Tloc      73%        N/A       1%          5
 Yara's Violent Unravell  Hex/Tmut       72%        3d27      1%          5
 Dragon Form              Tmut           85%        N/A       1%          7
 Borgnjor's Revivificati  Necr           87%        N/A       1%          8
 Infestation              Necr           87%        N/A       1%          8
 Frozen Ramparts          Ice            100%       1d16      2%          3
 Hailstorm                Conj/Ice       79%        3d16      2%          3
 Ozocubu's Armour         Ice            79%        N/A       2%          3
 Stone Arrow              Conj/Erth      100%       3d13      2%          3
 Cause Fear               Hex            53%        N/A       2%          4
 Dispersal                Tloc           71%        N/A       2%          6
 Simulacrum               Ice/Necr       71%        N/A       2%          6
 Silence                  Hex/Air        58%        N/A       3%          5
 Eringya's Noxious Bog    Tmut/Pois      69%        N/A       3%          6
 Statue Form              Tmut/Erth      92%        N/A       3%          6
 Fulminant Prism          Conj/Hex       47%        3d21      4%          4
 Leda's Liquefaction      Hex/Erth       47%        N/A       4%          4
 Arcjolt                  Conj/Air       53%        1d63      6%          5
 Summon Hydra             Summ           74%        N/A       6%          7
 Flame Wave               Conj/Fire      79%        2d17      9%          4
 Olgreb's Toxic Radiance  Pois           79%        N/A       9%          4
 Sticky Flame             Conj/Fire      79%        2d9       9%          4
 Freezing Cloud           Conj/Ice/Air   49%        6-21      10%         5
 Fireball                 Conj/Fire      39%        3d16      26%         5
 Iskenderun's Battlesphe  Conj           79%        2d13      26%         5
 Lee's Rapid Deconstruct  Erth           39%        3d19*     26%         5
 Death's Door             Necr           87%        N/A       26%         9
 Conjure Ball Lightning   Conj/Air       53%        3x3d18    34%         6
 Spellforged Servitor     Conj/Summ      61%        N/A       56%         7
 Disjunction              Tloc           71%        N/A       71%         8
 Iron Shot                Conj/Erth      39%        9d8       80%         6
 Starburst                Conj/Fire      39%        6d11      80%         6
 Enfeeble                 Hex            53%        N/A       90%         7
 Maxwell's Capacitive Co  Air            63%        ∞         98%         8
 Orb of Destruction       Conj           39%        9d11      100%        7
 Ozocubu's Refrigeration  Ice            39%        4d16      100%        7
 Discord                  Hex            53%        N/A       100%        8
 Ignition                 Fire           39%        3d12      100%        8
 Lehudib's Crystal Spear  Conj/Erth      39%        10d10     100%        8
 Chain Lightning          Conj/Air       53%        3d70      100%        9
 Dragon's Call            Summ           74%        N/A       100%        9
 Fire Storm               Conj/Fire      39%        8d10      100%        9
 Polar Vortex             Ice            39%        N/A       100%        9
 Shatter                  Erth           39%        3d31*     100%        9


Dungeon Overview and Level Annotations

Branches:
Dungeon (15/15)            Temple (1/1) D:5            Lair (5/5) D:8
 Shoals (4/4) Lair:2        Snake (4/4) Lair:3        Slime (5/5) Lair:4
    Orc (2/2) D:10            Elf (3/3) Orc:2        Vaults (5/5) D:14
  Crypt (3/3) Vaults:2       Tomb (3/3) Crypt:3      Depths (4/4) D:15
   Hell (visited)             Dis (7/7) Hell            Geh (7/7) Hell
    Coc (7/7) Hell            Tar (7/7) Hell            Zot (5/5) Depths:4
 Bailey (visited)           IceCv (visited)         Gauntlet (visited)

Altars:
Ashenzari
Cheibriados
Dithmenos
Fedhas
Gozag
Hepliaklqana
Kikubaaqudgha
Makhleb
Nemelex Xobeh
Okawaru
Qazlal
Ru
Sif Muna
Trog
Uskayaw
Vehumet
Wu Jian
Xom
Yredelemnul
Lugonu

Shops:
D:1 =   D:3 *[?   D:10 *   D:11 [   D:13 (   Orc:2 [*:?   Shoals:1 *
Shoals:2 !   Snake:1 ?   Vaults:1 (   Vaults:4 [   Vaults:5 *   Depths:2 =

Portals:
Hell: Depths:1 Depths:2 Depths:3 Depths:4
Abyss: Depths:3 Depths:4
Pandemonium: Orc:2 Depths:2
Ziggurat: Depths:2

Annotations:
Tomb:2 Boris
Coc:7 exclusion: ice statue
Zot:5 exclusion: orange crystal statue


Innate Abilities, Weirdness & Mutations

You have a pair of large antennae on your head. (SInv)
You are completely covered in large bone plates. (SH +8)
You are completely covered in sharp spines.
Your magical and physical power is greatly enhanced at high health.
When hurt, damage is shared between your health and your magic reserves.
You regenerate magic rapidly.
When low on magic, you restore magic in place of health.
You have large cloven feet.
You are agile. (Dex +4, Str/Int -1)
Your mind is acute. (Int +4, Str/Dex -1)
You are strong-willed. (Will+)
You are covered in fur. (AC +1)


Message History

Cheibriados thoroughly appreciates the change of pace.
You feel your dexterity returning.
No target in view!
You pound the reaper into fine dust!!!
The reaper is severely wounded.
The reaper completely misses you.
You pulverise the reaper!!!
You kill the reaper!
Cheibriados appreciates the change of pace.
You feel your dexterity returning.
No target in view!
No target in view!
A ynoxinul comes into view.
You barely miss the ynoxinul. You block the ynoxinul's attack.
You pummel the ynoxinul!!
The ynoxinul is severely wounded.
You block the ynoxinul's attack.
You pound the ynoxinul into fine dust!!!
You kill the ynoxinul!
Cheibriados appreciates the change of pace.
(D) Dungeon (T) Temple (L) Lair (A) Shoals (P) Snake Pit (M) Slime Pits (O) Orcish Mines (E) Elven Halls (V) Vaults (C) Crypt (W) Tomb (U) Depths (H) Hell (I) Dis (G) Gehenna (X) Cocytus (Y) Tartarus (Z) Zot
Where to? (Enter - D:1 @ (x,y), ? - help)
You see here a +3 scythe of freezing.
You sense a monster nearby.
(D) Dungeon (T) Temple (L) Lair (A) Shoals (P) Snake Pit (M) Slime Pits (O) Orcish Mines (E) Elven Halls (V) Vaults (C) Crypt (W) Tomb (U) Depths (H) Hell (I) Dis (G) Gehenna (X) Cocytus (Y) Tartarus (Z) Zot
Where to? (Enter - D:1 @ (x,y), ? - help)
Things that are here:
4 stones; a +0 short sword Your transformation is almost over.
You feel yourself come back to life.
There is a staircase leading out of the dungeon here.
You have escaped!

.....#...#.#.#.#.#.#.#.#...###...
.#...'.##...............##...'...
.#...###..........#......#.###...
##..## ##.......#.......##.# ##..
#..## #......#....#.....#.# ##.
#.## ##...#...........##.## ##
'## #..#...#.#.#.#....#..## ## .#
##...............##...###. .#
#...#..#.@.#..#...#....##. .####
##...............##....... ....#
#....#.#.#.#...#..#....##. .#..#
##...........#...##...###. ..#.#
#.....#....#......#..## #.
....#####.......#.......##.## #.
.......#......#..........#.# ##
....#..##...............##.#
.#####[..#.#.#.#.#.#.#.#...#


There were no monsters in sight!

Vanquished Creatures
  Cerebov (Pan)
  Asmodeus (Geh:7)
  Antaeus (Coc:7)
  Gloorx Vloq (Pan)
  Ereshkigal (Tar:7)
  Ignacio (Pan)
  Lom Lobon (Pan)
  the Serpent of Hell (Coc:7)
  Mnoleg (Pan)
  11 dread liches
  Khufu (Tomb:3)
  6 orbs of fire
  Dispater (Dis:7)
  3 ancient liches
  Mennas (Vaults:5)
  3 juggernauts (Dis:7)
  Sojobo (Crypt:2)
  10 royal mummies
  4 Killer Klowns
  Frederick (Crypt:1)
  9 shard shrikes
  Saint Roka (Snake:4)
  Bai Suzhen (Vaults:4)
  The ghost of Uhurudgh the Gelid, a veteran DgEE (Vaults:3)
  3 curse toes
  Geryon (Hell)
  30 caustic shrikes
  9 golden dragons
  Nikola (Depths:1)
  The ghost of Unolod the Conqueror, an adept MiBe of Trog (Depths:4)
  10 profane servitors
  29 bone dragons
  13 Tzitzimimeh
  6 iron giants
  A shard shrike zombie (Tar:7)
  3 spectral shard shrikes
  12 Brimstone Fiends
  4 electric golems
  4 doom hounds
  6 hellephants
  27 Orb Guardians
  16 tentacled monstrosities
  20 Ice Fiends
  17 titans
  2 deep elf blademasters (Elf:3)
  4 pandemonium lords
  11 searing wretches
  16 tainted leviathans
  15 Hell Sentinels
  10 liches
  14 acid blobs
  A quicksilver dragon (shapeshifter) (Vaults:5)
  10 quicksilver dragons
  2 deep elf master archers (Elf:3)
  33 ancient champions
  22 Executioners
  10 death cobs
  13 sphinxes
  9 tentacled starspawn
  10 shadow dragons
  A rockslime (shapeshifter) (Elf:3)
  14 storm dragons
  A daeva (Pan)
  7 tengu reavers
  5 nagarajas
  3 demonspawn warmongers (Pan)
  4 draconian monks
  22 azure jellies
  6 rockslimes
  11 iron dragons
  5 draconian knights
  14 frost giants
  32 balrugs
  18 narguns
  6 deep elf sorcerers
  24 fire giants
  A juggernaut zombie (Tomb:2)
  An emperor scorpion (shapeshifter) (Vaults:1)
  5 draconian shifters
  10 vault wardens
  7 quicksilver elementals
  3 draconian scorchers
  4 draconian stormcallers
  10 shard shrike simulacra
  A caustic shrike zombie (Tar:7)
  3 deep elf elementalists (Elf:3)
  2 ghost moths
  The ghost of Fypuno Aqar the Pyromancer, an adept DEFE of Elyvilon (Vaults:3)
  4 spectral caustic shrikes
  An orc warlord (Orc:1)
  13 cacodemons
  2 spectral juggernauts
  Aizul (Shoals:4)
  7 curse skulls
  10 ghouls
  5 demonspawn corrupters (Pan)
  13 draconian annihilators
  20 ironbound preservers
  A juggernaut skeleton (Tar:7)
  41 war gargoyles
  5 demonspawn blood saints (Pan)
  47 very ugly things
  3 ironbound thunderhulks (Vaults:1)
  13 stone giants
  17 reapers
  11 quicksilver oozes
  The ghost of Anon1729 the Severer, a journeyman MiMo of Qazlal (Lair:2)
  A very ugly thing (shapeshifter) (Pan)
  13 bennus (Tomb:3)
  11 deep elf demonologists
  7 vampire knights
  A spectral titan (Tar:4)
  A caustic shrike skeleton (Crypt:3)
  6 demonspawn black suns (Pan)
  16 putrid mouths
  12 green draconians
  2 dire elephants
  17 wendigos
  11 lorocyprocas
  10 red draconians
  17 yellow draconians
  19 elemental wellsprings
  4 deep elf annihilators
  8 black draconians
  12 eidola
  12 white draconians
  10 purple draconians
  A crystal guardian (Vaults:4)
  4 merfolk javelineers (Shoals:4)
  3 spark wasps
  23 blizzard demons
  8 fire dragons
  9 deep elf death magi
  13 ettins
  23 iron golems
  19 green deaths
  12 jiangshi
  19 mummy priests
  20 starcursed masses
  4 deep elf high priests
  Josephine (D:15)
  5 entropy weavers
  A great orb of eyes (shapeshifter) (Vaults:1)
  A rakshasa (Depths:2)
  4 spectral spriggans
  6 merfolk impalers (Shoals:4)
  13 yaktaur captains
  13 great orbs of eyes
  A peacekeeper (Vaults:4)
  3 hell beasts (Pan)
  2 spriggan zombies (Tar:7)
  9 caustic shrike simulacra
  3 merfolk avatars
  15 salamander tyrants
  13 ironbound frosthearts
  A jorogumo (shapeshifter) (Elf:3)
  35 vault guards
  A hydra (Lair:2)
  An ogre mage (Vaults:4)
  10 ice dragons
  2 spriggan air magi
  A demonspawn (Orc:2)
  4 ghost crabs (Lair:4)
  9 juggernaut simulacra
  7 spriggan skeletons
  4 merfolk aquamancers (Shoals:4)
  9 anacondas
  21 centaur warriors
  4 stokers
  A radroach (shapeshifter) (Elf:3)
  A satyr (shapeshifter) (Depths:2)
  4 boulder beetles
  4 two-headed ogres
  A catoblepas (Lair:2)
  29 death scarabs
  32 hell hogs
  2 satyrs
  6 naga warriors
  3 spectral dire elephants
  A death yak (shapeshifter) (Elf:3)
  6 deep troll shamans
  3 tengu warriors
  2 death knights
  2 orc high priests (Orc:2)
  13 vampire magi
  5 spriggan berserkers
  30 dancing weapons
  18 deep troll earth magi
  15 naga sharpshooters
  A titan zombie (Tar:7)
  23 soul eaters
  12 thrashing horrors
  8 shock serpents
  27 hell knights
  A titan skeleton (Crypt:1)
  8 crystal echidnas
  23 deep elf knights
  55 sun demons
  2 spectral bunyips (Tar:2)
  32 skeletal warriors
  11 iron trolls
  5 wretched stars (Abyss:4)
  A fire crab (Lair:4)
  33 shadow wraiths
  3 salamander mystics
  A cherub (Pan)
  10 sixfirhies
  4 quicksilver dragon simulacra
  An iron giant zombie (Crypt:3)
  Lodul (D:14)
  3 anaconda zombies
  A bunyip zombie (Hell)
  4 flayed ghosts
  7 sea snakes
  3 bog bodies
  4 shadow demons
  3 spectral anacondas
  18 deep elf archers
  5 glowing orange brains
  A glowing orange brain (shapeshifter) (Depths:4)
  An obsidian statue (IceCv)
  2 swamp dragons
  7 naga ritualists
  67 deep trolls
  A kraken simulacrum (Coc:7)
  A spectral hydra (Tar:1)
  A bunyip skeleton (Tomb:3)
  3 anaconda skeletons
  41 deep elf pyromancers
  5 necromancers
  6 lindwurms
  17 ironbound convokers
  10 wizards
  25 deep elf zephyrmancers
  17 phantasmal warriors
  11 spriggan simulacra
  23 harpies
  14 mana vipers
  8 orc sorcerers
  4 oklob plants (Lair:4)
  A shining eye (Slime:4)
  60 ugly things
  22 fauns
  2 spectral ettins
  25 moths of wrath
  An eleionoma zombie (Crypt:3)
  3 orc knights
  13 salamanders
  7 merfolk sirens
  3 worldbinders (Abyss:4)
  10 cyclopes
  An iron dragon skeleton (Pan)
  A toenail golem (D:6)
  A dire elephant zombie (Crypt:1)
  10 manticores
  5 rust devils
  A spectral centaur (Tar:2)
  34 black mambas
  2 naga zombies
  3 centaur zombies (D:13)
  6 ice statues
  6 molten gargoyles (Geh:7)
  6 apocalypse crabs
  2 guardian serpents
  4 titan simulacra
  A torpor snail (Gauntlet)
  A centaur skeleton (Crypt:2)
  2 eyes of devastation
  11 demonic crawlers
  10 water nymphs
  An alligator snapping turtle zombie (Crypt:2)
  13 elephants
  14 naga magi
  39 smoke demons
  A torpor snail (shapeshifter) (Depths:3)
  14 vault sentinels
  10 orange demons (Pan)
  17 hellions
  Maggie (D:6)
  8 cane toads
  A gargoyle (D:8)
  7 efreet
  An orc skeleton (Pan)
  6 unseen horrors
  A naga skeleton (Pan)
  4 rime drakes
  An unseen horror (shapeshifter) (Abyss:4)
  A sea snake zombie (Hell)
  14 tormentors
  21 yaktaurs
  A tengu conjurer (Depths:1)
  5 komodo dragons
  A spectral naga (Tar:1)
  9 freezing wraiths
  A steelbarb worm zombie (Crypt:2)
  6 anaconda simulacra
  2 bunyip simulacra
  8 ice devils
  3 spectral harpies
  4 ancient zymes
  4 iron giant simulacra
  A silent spectre (Tar:4)
  An alligator snapping turtle skeleton (Pan)
  39 guardian mummies
  5 trolls
  A komodo dragon (shapeshifter) (Vaults:1)
  3 red devils
  A death yak skeleton (Crypt:2)
  A purple draconian skeleton (Crypt:3)
  4 sea snake skeletons
  2 hydra zombies (Hell)
  A shadow dragon simulacrum (Coc:2)
  19 merfolk
  A tarantella zombie (Crypt:1)
  Prince Ribbit (Bailey)
  3 meliai (D:14)
  A hornet (Depths:4)
  27 hellwings
  5 harpy skeletons
  A hydra skeleton (Pan)
  3 wind drakes
  3 blink frogs
  A meliai zombie (Crypt:2)
  A stone giant simulacrum (Crypt:1)
  14 dream sheep
  3 iron dragon simulacra
  8 snapping turtles
  A human simulacrum (Vaults:4)
  9 raiju (Abyss:4)
  A centaur simulacrum (D:14)
  26 flying skulls
  A jumping spider (Vaults:5)
  3 wyverns
  Sigmund (D:4)
  41 large abominations
  An ettin skeleton (Pan)
  121 slime creatures
  A spriggan (Depths:4)
  A naga simulacrum (Coc:5)
  2 shadows
  A culicivora (shapeshifter) (Elf:3)
  A fire dragon skeleton (Crypt:1)
  11 water elementals
  6 air elementals
  9 dire elephant simulacra
  15 ushabtiu
  4 vampires
  13 ynoxinuls
  A hog (Lair:3)
  3 fire bats (Depths:4)
  8 wraiths
  13 humans
  14 yaks
  2 alligator snapping turtle simulacra
  4 basilisks
  11 chaos spawn
  Eustachio (D:5)
  12 golden eyes
  11 neqoxecs
  3 steam dragons
  A yaktaur simulacrum (Vaults:4)
  A fire elemental (Elf:2)
  2 redbacks (shapeshifter)
  3 minotaur simulacra (IceCv)
  5 redbacks
  4 wargs
  A glowing shapeshifter zombie (Crypt:1)
  Menkaure (D:5)
  A naga (shapeshifter) (Vaults:5)
  2 vampire mosquitoes (D:6)
  A fire bat zombie (Crypt:3)
  2 acid dragons
  13 harpy simulacra
  3 hell hounds (Zot:5)
  A swamp worm (shapeshifter) (Depths:4)
  27 nagas
  Duvessa (D:5)
  3 water moccasins (Lair:2)
  A faun skeleton (Crypt:3)
  2 hydra simulacra
  3 floating eyes (shapeshifter)
  2 floating eyes (Depths:4)
  23 orc warriors
  2 black bears
  An entropy weaver zombie (Crypt:1)
  An elephant zombie (Crypt:1)
  4 ice beasts
  A swamp dragon zombie (Tomb:1)
  4 ettin simulacra
  An alligator simulacrum (Hell)
  A sky beast (shapeshifter) (Vaults:5)
  2 sky beasts
  10 ogres
  7 wolves
  12 centaurs
  A phantom (D:5)
  10 bullfrogs
  Blork the orc (D:4)
  A scorpion (D:5)
  A deep troll simulacrum (IceCv)
  2 earth elementals
  A necrophage (Crypt:3)
  A cyclops zombie (Crypt:1)
  A komodo dragon skeleton (Crypt:1)
  A wight (D:6)
  Dowan (D:5)
  11 killer bees
  3 howler monkeys
  5 electric eels
  7 nameless horrors
  5 crimson imps (Pan)
  A quasit (Abyss:3)
  4 hounds
  13 orc priests
  2 iron imps (Gauntlet)
  9 small abominations
  16 orc wizards
  2 iguanas
  2 hell rats (Lair:3)
  An acid dragon zombie (Crypt:3)
  33 mummies
  A howler monkey zombie (Crypt:2)
  2 gnolls (D:4)
  A swamp drake zombie (Crypt:1)
  3 adders
  A shadow imp (D:4)
  2 white imps
  3 ufetubi
  An iguana zombie (Crypt:2)
  A worm (D:4)
  2 dart slugs
  34 orcs
  2 bats
  11 endoplasms
  4 giant cockroaches
  10 goblins
  7 hobgoblins
  13 jackals
  6 kobolds
  6 quokkas
  8 ball pythons
  A frilled lizard (D:1)
  A jackal skeleton (Crypt:2)
  4 rats
  A river rat skeleton (Crypt:3)
  3 ball lightnings (Pan)
  A creeping inferno (Hell)
  3 fire vortices
  7 starspawn tentacles (Abyss:4)
  A tentacle (Coc:7)
3593 creatures vanquished.

Vanquished Creatures (collateral kills)
  Dissolution (Slime:2)
  the Royal Jelly (Slime:5)
  Tiamat (Zot:1)
  Vashnia (Snake:4)
  Boris (Vaults:3)
  Vv (Crypt:1)
  A tentacled monstrosity (Depths:3)
  An Ice Fiend (IceCv)
  2 titans (Vaults:5)
  A quicksilver dragon (Snake:4)
  7 acid blobs
  Gastronok (Lair:2)
  Donald (Crypt:2)
  Kirke (Lair:3)
  A tengu reaver (Vaults:1)
  Roxanne (Shoals:1)
  A storm dragon (Shoals:4)
  A frost giant (Vaults:1)
  An azure jelly (shapeshifter) (Depths:3)
  4 nagarajas
  An azure jelly (Slime:5)
  4 fire giants
  4 deep elf sorcerers
  A rockslime (Slime:5)
  A vault warden (Vaults:4)
  2 ironbound preservers
  A quicksilver ooze (Slime:5)
  2 stone giants
  2 very ugly things
  A vampire knight (Crypt:2)
  A minotaur (Gauntlet)
  4 deep elf annihilators
  2 deep elf demonologists
  A fire dragon (Lair:5)
  4 merfolk impalers
  2 deep elf high priests (Elf:1)
  A great orb of eyes (Slime:5)
  3 hydras
  3 entropy weavers
  6 vault guards
  An alligator snapping turtle (Shoals:3)
  2 catoblepae
  A demonspawn (Orc:2)
  A satyr (Shoals:4)
  3 merfolk avatars
  5 dancing weapons
  2 merfolk aquamancers (Shoals:4)
  A death knight (D:13)
  2 boulder beetles
  A deep troll shaman (Depths:1)
  3 death yaks (Lair:5)
  5 naga warriors
  The ghost of Haleq the Thaumaturge, a journeyman DEEE of Vehumet (Orc:1)
  A deep troll earth mage (Vaults:1)
  3 two-headed ogres
  3 shock serpents
  2 naga sharpshooters (Snake:4)
  2 orc high priests
  2 hell knights
  2 deep elf knights
  An iron troll (Depths:1)
  A salamander mystic (Snake:3)
  2 fire crabs (Lair:4)
  8 skeletal warriors
  14 deep trolls
  A sea snake (Shoals:4)
  A deep elf archer (Elf:1)
  A wizard (Vaults:3)
  A lindwurm (Lair:5)
  A wolf spider zombie (D:13)
  3 naga ritualists (Snake:1)
  A phantasmal warrior (Vaults:1)
  A harpy (Shoals:4)
  7 orc knights
  12 deep elf pyromancers
  4 mana vipers
  6 shining eyes
  An ironbound convoker (Vaults:1)
  4 orc sorcerers (Orc:2)
  A cyclops (D:12)
  A faun (Shoals:1)
  3 deep elf zephyrmancers
  8 salamanders
  3 ugly things
  2 manticores
  9 elephants
  2 rust devils
  2 centaur zombies (D:13)
  A naga mage (Snake:1)
  3 guardian serpents (Snake:4)
  Maurice (D:10)
  7 cane toads
  14 black mambas
  A vault sentinel (Vaults:3)
  2 merfolk sirens
  2 rime drakes
  A yaktaur (Vaults:1)
  4 komodo dragons
  4 freezing wraiths (IceCv)
  3 tengu conjurers
  2 anaconda simulacra (IceCv)
  3 trolls
  2 golden dragon simulacra (IceCv)
  4 merfolk
  5 blink frogs (Lair:4)
  3 dream sheep
  2 wind drakes
  2 snapping turtles (Shoals:4)
  2 shadows (D:11)
  A jumping spider (Gauntlet)
  12 slime creatures
  A dire elephant simulacrum (IceCv)
  6 water elementals (Shoals:4)
  2 air elementals (Shoals:4)
  A hog (Lair:3)
  A vampire (D:11)
  A yak (shapeshifter) (D:13)
  2 wraiths
  A fire elemental (Lair:2)
  3 basilisks
  A wyvern (Lair:3)
  14 yaks
  3 humans (D:14)
  A redback (Gauntlet)
  A neqoxec (Orc:2)
  2 steam dragons (Lair:5)
  A golden eye (Slime:3)
  A warg (Orc:2)
  13 nagas
  2 acid dragons
  6 water moccasins
  3 sky beasts
  A floating eye (shapeshifter) (Elf:3)
  A floating eye (Depths:3)
  20 orc warriors
  A swamp drake (Lair:5)
  3 ice beasts
  A black bear (shapeshifter) (Elf:3)
  An ogre (D:5)
  8 centaurs
  17 bullfrogs
  2 necrophages
  A gnoll sergeant (D:7)
  7 wights
  A cyclops skeleton (Crypt:3)
  An electric eel (Lair:3)
  A howler monkey (D:9)
  A basilisk zombie (Crypt:1)
  A jelly (D:6)
  15 orc priests
  A hound (D:8)
  Crazy Yiuf (D:5)
  2 iron imps (Gauntlet)
  A starcursed mass (Abyss:3)
  2 iguanas
  8 orc wizards
  5 hell rats (Lair:3)
  An adder (D:6)
  4 gnolls (D:7)
  A shadow imp (D:8)
  29 orcs
  A bat zombie (Crypt:3)
  2 goblins (Bailey)
  A hobgoblin (Bailey)
509 creatures vanquished.

Vanquished Creatures (others)
  A titan (Pan)
  An eldritch tentacle (Coc:4)
  A sphinx (Depths:3)
  2 fire giants
  A vault warden (Vaults:2)
  2 frost giants (Coc:3)
  A draconian scorcher (Zot:1)
  A bennu (Tomb:3)
  An elemental wellspring (Coc:6)
  A wendigo (Coc:3)
  A purple draconian (Zot:3)
  2 blizzard demons (Pan)
  A green death (Pan)
  A rakshasa (Depths:3)
  3 juggernaut simulacra
  A deep troll earth mage (Depths:2)
  A shock serpent (Snake:3)
  A deep elf knight (Elf:2)
  A quicksilver dragon simulacrum (Coc:3)
  2 necromancers (Depths:3)
  A shadow demon (Pan)
  A deep elf zephyrmancer (Elf:1)
  An ironbound convoker (Vaults:5)
  A moth of wrath (Zot:3)
  A black mamba (Snake:4)
  A smoke demon (Pan)
  A naga mage (Snake:4)
  A titan simulacrum (Coc:1)
  A freezing wraith (Coc:5)
  3 iron giant simulacra
  A raiju (Abyss:4)
  2 dire elephant simulacra
  2 humans (Lair:3)
  A harpy simulacrum (Coc:1)
  A hydra simulacrum (Coc:6)
  A water moccasin (Lair:5)
  An orc warrior (Elf:1)
  A small abomination (Abyss:4)
  2 naga simulacra
  An orc wizard (Elf:1)
  24 ball lightnings (Pan)
  3 creeping infernos
  A fire vortex (Geh:2)
  14 fungi
  149 plants
  22 starspawn tentacles
  3 tentacles (Coc:7)
  A withered plant (D:13)
268 creatures vanquished.

Grand Total: 4370 creatures vanquished

Notes
Turn   | Place    | Note
-------+----------+-------------------------------------------
     0 | D:1      | rlgrobin the Demonspawn Wanderer began the quest for the
                  | Orb.
     0 | D:1      | rlgrobin set off with the following items: a +0 dagger, a
                  | scroll of teleportation, a wand of flame (7), a scroll of
                  | butterflies, a +0 robe, a +2 buckler.
     0 | D:1      | Reached XP level 1. HP: 13/13 MP: 1/1
   134 | D:1      | Gained mutation: You are partially covered in sharp spines.
                  | [demonic ancestry]
   134 | D:1      | Reached XP level 2. HP: 18/19 MP: 2/2
   712 | D:1      | Found Zacotz's One-of-a-Kind Rings.
   724 | D:1      | Reached XP level 3. HP: 19/24 MP: 3/3
  1729 | D:3      | Found Wongolud's Armour Shoppe.
  1757 | D:3      | Reached XP level 4. HP: 26/30 MP: 4/4
  1814 | D:3      | Found Pewib's Magic Scroll Emporium.
  2167 | D:3      | Found Xyhuacw's General Store.
  2201 | D:3      | Found a faded altar of an unknown god.
  2264 | D:4      | Noticed Sigmund
  2358 | D:4      | Reached skill level 1 in Fighting
  2365 | D:4      | Noticed Blork the orc
  2376 | D:4      | Killed Blork the orc
  2377 | D:4      | Gained mutation: You are partially covered in large bone
                  | plates. (SH +4) [demonic ancestry]
  2377 | D:4      | Reached XP level 5. HP: 30/39 MP: 5/5
  2882 | D:4      | Found a hide-covered altar of Uskayaw.
  2902 | D:4      | Found an ancient bone altar of Kikubaaqudgha.
  3222 | D:4      | Reached skill level 1 in Spellcasting
  3222 | D:4      | Reached skill level 1 in Summonings
  3222 | D:4      | Reached XP level 6. HP: 47/47 MP: 7/7
  3346 | D:4      | Found a broken altar of Ashenzari.
  3545 | D:5      | Entered Level 5 of the Dungeon
  3561 | D:5      | Noticed Duvessa
  3578 | D:5      | Killed Duvessa
  3584 | D:5      | Noticed Dowan
  3591 | D:5      | Killed Dowan
  3594 | D:5      | Noticed Menkaure
  3650 | D:5      | Killed Menkaure
  3651 | D:5      | Reached XP level 7. HP: 43/52 MP: 9/11
  3669 | D:5      | Learned a level 3 spell: Call Canine Familiar
  3784 | D:5      | Found a staircase to the Ecumenical Temple.
  3812 | Temple   | Entered the Ecumenical Temple
  3932 | Temple   | Became a worshipper of Cheibriados the Contemplative
  3943 | D:5      | Noticed Eustachio
  3956 | D:5      | Killed Eustachio
  4061 | D:5      | Found a runed translucent door.
  4062 | D:5      | Noticed Crazy Yiuf
  4118 | D:5      | Reached skill level 5 in Summonings
  4118 | D:5      | Gained mutation: You have a pair of small antennae on your
                  | head. [demonic ancestry]
  4118 | D:5      | Reached XP level 8. HP: 57/58 MP: 11/14
  4148 | D:5      | Found a burning altar of Makhleb.
  4533 | D:5      | Reached skill level 5 in Spellcasting
  5278 | D:6      | Reached * piety under Cheibriados
  5581 | D:6      | Found a sacrificial altar of Ru.
  5754 | D:6      | Noticed Maggie
  5757 | D:6      | Gained mutation: You regenerate magic rapidly. [demonic
                  | ancestry]
  5757 | D:6      | Reached XP level 9. HP: 64/64 MP: 18/18
  5789 | D:6      | Killed Maggie
  6465 | D:7      | Reached ** piety under Cheibriados
  6755 | D:7      | Reached skill level 5 in Dodging
  6858 | D:7      | Reached skill level 2 in Invocations
  7126 | D:8      | Reached skill level 3 in Invocations
  7161 | D:8      | Reached skill level 4 in Invocations
  7246 | D:8      | Reached skill level 5 in Invocations
  7249 | D:8      | Gained mutation: You have a pair of antennae on your head.
                  | [demonic ancestry]
  7249 | D:8      | Reached XP level 10. HP: 40/70 MP: 18/20
  7332 | D:8      | Reached skill level 6 in Invocations
  7335 | D:8      | Reached *** piety under Cheibriados
  7336 | D:8      | Reached skill level 7 in Invocations
  7350 | D:8      | Found a flagged portal.
  7368 | Bailey   | Entered a bailey
  7496 | Bailey   | Noticed Prince Ribbit
  7501 | Bailey   | Noticed a vault guard
  7515 | Bailey   | Killed Prince Ribbit
  7525 | Bailey   | Killed a vault guard
  7583 | Bailey   | Identified the +5 chain mail "Giergh" {-Tele rElec rCorr}
  7606 | Bailey   | Noticed a vault guard
  7629 | Bailey   | Killed a vault guard
  7629 | Bailey   | Reached **** piety under Cheibriados
  7671 | Bailey   | Reached skill level 5 in Fighting
  7722 | Bailey   | Gained mutation: You have a pair of large antennae on your
                  | head. (SInv) [demonic ancestry]
  7722 | Bailey   | Reached XP level 11. HP: 80/80 MP: 17/21
  7952 | D:8      | Found a staircase to the Lair.
  8287 | D:4      | Killed Sigmund
  8403 | D:5      | Killed Crazy Yiuf
  9004 | D:9      | Reached skill level 5 in Evocations
  9433 | D:10     | Entered Level 10 of the Dungeon
  9479 | D:10     | Reached ***** piety under Cheibriados
  9501 | D:10     | Reached skill level 8 in Invocations
  9524 | D:10     | Found a staircase to the Orcish Mines.
  9574 | D:10     | Noticed Maurice
  9640 | D:10     | Killed Maurice
  9710 | D:10     | Found Aleojacs's Neck Hole.
 10012 | D:10     | Noticed a two-headed ogre
 10031 | D:10     | Killed a two-headed ogre
 10032 | D:10     | Reached skill level 10 in Dodging
 10153 | Lair:1   | Entered Level 1 of the Lair of Beasts
 10220 | Lair:1   | Gained mutation: When hurt, damage is shared between your
                  | health and your magic reserves. [demonic ancestry]
 10220 | Lair:1   | Reached XP level 12. HP: 64/91 MP: 22/22
 10395 | Lair:1   | Reached skill level 5 in Unarmed Combat
 11132 | Lair:2   | Noticed Gastronok
 11137 | Lair:2   | Noticed a catoblepas
 11146 | Lair:2   | Killed Gastronok
 11157 | Lair:2   | Killed a catoblepas
 11495 | Lair:2   | Found a transporter.
 11497 | Lair:2   | Noticed Anon1729's ghost (journeyman MiMo)
 11500 | Lair:2   | Noticed a five-headed hydra
 11537 | Lair:2   | Found a transporter.
 11562 | Lair:2   | Found a staircase to the Shoals.
 12020 | Lair:3   | Noticed Kirke
 12058 | Lair:3   | Reached ****** piety under Cheibriados
 12161 | Lair:3   | Reached skill level 10 in Summonings
 12252 | Lair:3   | Learned a level 5 spell: Summon Mana Viper
 12277 | Lair:3   | Reached XP level 13. HP: 96/96 MP: 23/23
 12295 | Lair:3   | You fall into a shaft and drop 1 floor!
 12303 | Lair:4   | Reached skill level 1 in Hexes
 12639 | Lair:4   | Found a runed translucent door.
 12942 | Lair:4   | Identified a scroll of acquirement
 12942 | Lair:4   | Acquired 709 gold pieces
 13285 | Lair:4   | Reached skill level 10 in Unarmed Combat
 13495 | Lair:3   | Killed Kirke
 13623 | Lair:3   | Found a staircase to the Snake Pit.
 14284 | Lair:5   | Entered Level 5 of the Lair of Beasts
 14306 | Lair:5   | Found a gate leading to a gauntlet.
 14313 | Gauntlet | Entered a Gauntlet
 14313 | Gauntlet | Found a transporter.
 14313 | Gauntlet | Found a transporter.
 14321 | Gauntlet | Learned a level 6 spell: Summon Cactus Giant
 14333 | Gauntlet | Found a transporter.
 14336 | Gauntlet | Found a transporter.
 14345 | Gauntlet | Found a transporter.
 14348 | Gauntlet | Found a transporter.
 14367 | Gauntlet | Found a transporter.
 14374 | Gauntlet | Found a transporter.
 14399 | Gauntlet | Found a transporter.
 14403 | Gauntlet | Found a transporter.
 14412 | Gauntlet | Found a transporter.
 14416 | Gauntlet | Found a transporter.
 14484 | Gauntlet | Got the Compendium of Filth and Darkness
 14559 | Gauntlet | Identified the +0 cloak "Xibrudau" {rF- rN+++ Regen+ Slay-5
                  | SInv}
 14568 | Gauntlet | Noticed a minotaur
 14579 | Gauntlet | Killed a minotaur
 15221 | Lair:5   | Noticed a fire dragon
 15230 | Lair:5   | Killed a fire dragon
 15464 | Lair:5   | Gained mutation: You are mostly covered in sharp spines.
                  | [demonic ancestry]
 15464 | Lair:5   | Reached XP level 14. HP: 100/105 MP: 17/26
 15607 | Lair:5   | Got the Precepts of Lightning
 15618 | Lair:5   | Learned a level 2 spell: Blink
 15955 | D:11     | Reached skill level 1 in Translocations
 16069 | D:11     | Found Qitaixed's Antique Armour Boutique.
 16156 | D:11     | Found a shimmering blue altar of Sif Muna.
 17007 | D:12     | Reached skill level 1 in Armour
 17051 | D:12     | Identified the +5 sling of the Battered Songs {drain, rF++}
 17306 | D:13     | Found Cupp's Weapon Boutique.
 18204 | D:13     | Noticed a fire giant
 18213 | D:13     | Killed a fire giant
 18460 | Orc:1    | Entered Level 1 of the Orcish Mines
 18687 | Orc:1    | Noticed Haleq's ghost (journeyman DEEE)
 18701 | Orc:1    | Found a runed translucent door.
 18741 | Orc:1    | Killed Haleq's ghost
 18983 | Orc:1    | Noticed an orc warlord
 19001 | Orc:1    | Killed an orc warlord
 19002 | Orc:1    | Reached XP level 15. HP: 110/110 MP: 10/28
 19105 | Orc:1    | Reached skill level 10 in Spellcasting
 19445 | Orc:2    | Entered Level 2 of the Orcish Mines
 19694 | Orc:2    | Found Gurchean's General Store.
 19702 | Orc:2    | Found Souwk's Magic Scroll Shoppe.
 19821 | Orc:2    | Paralysed by an orc sorcerer for 3 turns
 20022 | Orc:2    | Found Xore's Book Shop.
 20022 | Orc:2    | Found Suwk's Antique Armour Boutique.
 20023 | Orc:2    | Found a one-way gate leading to the halls of Pandemonium.
 20038 | Orc:2    | Bought a heavily runed chain mail for 294 gold pieces
 20038 | Orc:2    | Identified the +5 chain mail of Evialeamn {rN+} (You bought
                  | it in a shop on level 2 of the Orcish Mines)
 20406 | Orc:2    | Found a staircase to the Elven Halls.
 20807 | D:11     | Bought polished swamp dragon scales for 1595 gold pieces
 20807 | D:11     | Identified the +4 swamp dragon scales "Moiruth" {rElec
                  | rPois rCorr Stlth+} (You bought it in a shop on level 11 of
                  | the Dungeon)
 20929 | D:14     | Noticed Lodul
 20947 | D:14     | Killed Lodul
 20991 | D:14     | Found a frozen archway.
 20995 | IceCv    | Entered an ice cave
 21090 | IceCv    | Reached skill level 10 in Fighting
 21323 | IceCv    | Reached skill level 5 in Armour
 21427 | IceCv    | Noticed an Ice Fiend
 21427 | IceCv    | Noticed an Ice Fiend
 21555 | IceCv    | Killed an Ice Fiend
 21562 | IceCv    | Killed an Ice Fiend
 22290 | D:14     | Found a gate to the Vaults.
 22606 | D:15     | Entered Level 15 of the Dungeon
 22626 | D:15     | Paralysed by a floating eye for 4 turns
 22643 | D:15     | Gained mutation: You are mostly covered in large bone
                  | plates. (SH +6) [demonic ancestry]
 22643 | D:15     | Reached XP level 16. HP: 122/122 MP: 30/30
 23062 | D:15     | Found a staircase to the Depths.
 23417 | D:15     | Found a portal to a secret trove of treasure.
 23568 | D:15     | Noticed Josephine
 23581 | D:15     | Killed Josephine
 23972 | D:1      | Bought a +7 ring of protection for 1035 gold pieces
 24275 | D:15     | You paid a toll of a +7 ring of protection to enter a
                  | treasure trove
 24276 | Trove    | Entered a treasure trove
 24362 | Trove    | Identified the +1 plate armour of Lilacs {Harm}
 24385 | Trove    | Identified the ring "Zoz Ekio" {Fire Stlth+}
 24416 | Trove    | Identified the amulet "Wisat" {Regen+ Str+2 Dex+3}
 24693 | Snake:1  | Entered Level 1 of the Snake Pit
 24774 | Snake:1  | Found Meshryo's Magic Scroll Boutique.
 25818 | Snake:1  | Reached skill level 9 in Invocations
 26326 | Snake:2  | Reached skill level 15 in Unarmed Combat
 26410 | Snake:2  | Reached skill level 10 in Invocations
 26633 | Snake:2  | Reached skill level 11 in Invocations
 27076 | Snake:3  | Reached XP level 17. HP: 123/128 MP: 26/32
 27699 | Snake:4  | Entered Level 4 of the Snake Pit
 27724 | Snake:4  | Noticed Saint Roka
 27872 | Snake:4  | Reached skill level 5 in Translocations
 28074 | Snake:4  | Noticed Vashnia
 28223 | Snake:4  | Killed Saint Roka
 28720 | Snake:4  | Killed Vashnia
 28899 | Snake:4  | Noticed a quicksilver dragon
 28905 | Snake:4  | Noticed a quicksilver dragon
 28918 | Snake:4  | Killed a quicksilver dragon
 29073 | Snake:4  | Got a serpentine rune of Zot
 29154 | Snake:4  | Killed a quicksilver dragon
 29282 | Shoals:1 | Entered Level 1 of the Shoals
 29599 | Shoals:1 | Reached XP level 18. HP: 141/142 MP: 30/33
 29660 | Shoals:1 | Noticed Roxanne
 29701 | Shoals:1 | Killed Roxanne
 29721 | Shoals:1 | Learned a level 4 spell: Manifold Assault
 29727 | Shoals:1 | Learned a level 5 spell: Blade Hands
 29790 | Shoals:1 | Reached skill level 1 in Transmutations
 29854 | Shoals:1 | Found Allu's General Store.
 29861 | Shoals:1 | Bought a scroll of acquirement for 780 gold pieces
 29863 | Shoals:1 | Acquired a +2 cloak of poison resistance
 30569 | Shoals:2 | Found Dittaa's Distillery.
 30640 | Shoals:2 | Identified the +9 scale mail "Bazeyth" {Drain rC- Will+++
                  | Int+8}
 31814 | Lair:2   | Reached skill level 5 in Transmutations
 31832 | Lair:2   | Killed Anon1729's ghost
 32066 | Vaults:1 | Entered Level 1 of the Vaults
 32144 | Vaults:1 | Found Voefreno's Weapon Boutique.
 33089 | Vaults:1 | Found a transporter.
 33091 | Vaults:1 | Found the ring of the Hare {EV+10}
 33128 | Vaults:1 | Found a transporter.
 33728 | Vaults:1 | Gained mutation: You are completely covered in large bone
                  | plates. (SH +8) [demonic ancestry]
 33728 | Vaults:1 | Reached XP level 19. HP: 137/148 MP: 31/36
 33940 | Vaults:2 | Reached skill level 10 in Armour
 33952 | Vaults:2 | Found a staircase to the Crypt.
 36097 | Vaults:3 | Noticed Boris
 36111 | Vaults:3 | Killed Boris
 36304 | Vaults:3 | Paralysed by a sphinx for 3 turns
 36859 | Vaults:3 | Found the +3 giant club "Skullcrusher" {speed, Str+7}
 36865 | Vaults:3 | Found a transporter.
 36868 | Vaults:3 | Noticed Fypuno Aqar's ghost (adept DEFE)
 36875 | Vaults:3 | Found a transporter.
 36879 | Vaults:3 | Noticed Uhurudgh's ghost (veteran DgEE)
 37074 | Vaults:4 | Gained mutation: Your magical and physical power is
                  | slightly enhanced at high health. [demonic ancestry]
 37074 | Vaults:4 | Reached XP level 20. HP: 93/155 MP: 23/37
 37440 | Vaults:4 | Reached skill level 12 in Invocations
 37891 | Vaults:4 | Noticed Bai Suzhen
 37922 | Vaults:4 | Killed Bai Suzhen
 38237 | Vaults:4 | Found Plog's Armour Emporium.
 38887 | Shoals:4 | Entered Level 4 of the Shoals
 38887 | Shoals:4 | Found a burning altar of Makhleb.
 38994 | Shoals:4 | Reached skill level 10 in Transmutations
 39182 | Shoals:4 | Noticed Aizul
 39198 | Shoals:4 | Killed Aizul
 39308 | Shoals:4 | Paralysed by an air elemental for 1 turns
 39694 | Shoals:4 | Identified the +1 scale mail "Famoll" {Rampage rC+}
 39799 | Shoals:4 | Paralysed by an air elemental for 1 turns
 39884 | Shoals:4 | Got a barnacled rune of Zot
 39886 | Shoals:4 | Got the Dissertation on Bringing Forth
 40446 | Elf:1    | Entered Level 1 of the Elven Halls
 40615 | Elf:1    | Gained mutation: Your magical and physical power is
                  | enhanced at high health. [demonic ancestry]
 40615 | Elf:1    | Reached XP level 21. HP: 130/162 MP: 17/38
 40630 | Elf:1    | Paralysed by an air elemental for 1 turns
 41486 | Elf:1    | Found a runed translucent gate.
 41486 | Elf:1    | Found a runed translucent gate.
 41486 | Elf:1    | Found a runed translucent gate.
 41486 | Elf:1    | Found a runed translucent gate.
 41486 | Elf:1    | Found a runed translucent gate.
 41488 | Elf:1    | Found a runed translucent gate.
 41590 | Elf:1    | Got the Vellum of the Modern Wonders
 42210 | Elf:2    | Found a runed translucent gate.
 42210 | Elf:2    | Found a runed translucent gate.
 42210 | Elf:2    | Found a runed translucent gate.
 42696 | Elf:2    | Paralysed by an air elemental for 1 turns
 42814 | Elf:3    | Entered Level 3 of the Elven Halls
 42828 | Elf:3    | Identified the +5 long sword "Amesidwa" {pain, +Blink
                  | Dex+5}
 42838 | Elf:3    | Found a huge runed gate.
 42838 | Elf:3    | Found a huge runed gate.
 42838 | Elf:3    | Found a huge runed gate.
 42838 | Elf:3    | Found a huge runed gate.
 42838 | Elf:3    | Found a huge runed gate.
 42838 | Elf:3    | Found a huge runed gate.
 42838 | Elf:3    | Found a huge runed gate.
 42838 | Elf:3    | Found a huge runed gate.
 42838 | Elf:3    | Found a huge runed gate.
 42838 | Elf:3    | Found a huge runed gate.
 42854 | Elf:3    | Found a huge runed gate.
 42854 | Elf:3    | Found a huge runed gate.
 42854 | Elf:3    | Found a huge runed gate.
 42854 | Elf:3    | Found a huge runed gate.
 42854 | Elf:3    | Found a huge runed gate.
 42854 | Elf:3    | Found a huge runed gate.
 42855 | Elf:3    | Found a huge runed gate.
 42856 | Elf:3    | Found a huge runed gate.
 42857 | Elf:3    | Found a huge runed gate.
 42865 | Elf:3    | Found a huge runed gate.
 42865 | Elf:3    | Found a huge runed gate.
 42865 | Elf:3    | Found a huge runed gate.
 42865 | Elf:3    | Found a huge runed gate.
 42865 | Elf:3    | Found a huge runed gate.
 42865 | Elf:3    | Found a huge runed gate.
 42866 | Elf:3    | Found a huge runed gate.
 42867 | Elf:3    | Found a huge runed gate.
 42869 | Elf:3    | Found a huge runed gate.
 42937 | Elf:3    | Got the Volume of Hail and the Curse
 43117 | Elf:3    | Found a huge runed gate.
 43118 | Elf:3    | Found a huge runed gate.
 43118 | Elf:3    | Found a huge runed gate.
 43118 | Elf:3    | Found a huge runed gate.
 43118 | Elf:3    | Found a huge runed gate.
 43118 | Elf:3    | Found a huge runed gate.
 43119 | Elf:3    | Found a huge runed gate.
 43121 | Elf:3    | Found a huge runed gate.
 43794 | Elf:3    | Gained mutation: Your magical and physical power is greatly
                  | enhanced at high health. [demonic ancestry]
 43794 | Elf:3    | Reached XP level 22. HP: 143/164 MP: 32/39
 43867 | Abyss:3  | Cast into level 3 of the Abyss (a deep elf demonologist)
 44441 | Elf:3    | Escaped the Abyss
 44650 | Elf:3    | Identified the +5 battleaxe of Imminent Death {flame, rN+}
 44650 | Elf:3    | Identified the ring of the Priest {rC+ AC+4 Int+2}
 44919 | Elf:3    | Identified the +10 quarterstaff of Exquisite Death {heavy,
                  | Dex+5 Stlth+}
 44919 | Elf:3    | Identified the +1 leather armour of the Everdark {Dex+2}
 45141 | Elf:3    | Got the Teachings on Assembled Evil Secrets
 45147 | Elf:3    | Learned a level 4 spell: Dispel Undead
 45384 | Elf:3    | Reached skill level 1 in Necromancy
 45485 | Elf:3    | Paralysed by a floating eye for 3 turns
 45793 | Crypt:1  | Entered Level 1 of the Crypt
 45884 | Crypt:1  | Noticed Frederick
 45892 | Crypt:1  | Killed Frederick
 45893 | Crypt:1  | Reached skill level 5 in Necromancy
 45974 | Crypt:1  | Noticed Vv
 45993 | Crypt:1  | Killed Vv
 46593 | Crypt:2  | Noticed Sojobo
 46640 | Crypt:2  | Noticed Donald
 46651 | Crypt:2  | Killed Donald
 47079 | Crypt:2  | Killed Sojobo
 47091 | Crypt:2  | Reached skill level 15 in Fighting
 47343 | Crypt:2  | Found an ancient bone altar of Kikubaaqudgha.
 47613 | Crypt:3  | Entered Level 3 of the Crypt
 47667 | Crypt:3  | Reached XP level 23. HP: 159/182 MP: 33/40
 48092 | Crypt:3  | Reached skill level 10 in Necromancy
 48896 | Crypt:3  | Found a staircase to the Tomb.
 48992 | Crypt:3  | Noticed a dread lich
 48999 | Crypt:3  | Killed a dread lich
 49051 | Crypt:3  | Noticed a dread lich
 49060 | Crypt:3  | Killed a dread lich
 49067 | Crypt:3  | Identified the +2 falchion of Acai {antimagic, Dex+2
                  | Stlth+}
 49083 | Crypt:3  | Got Kikubaaqudgha's Writings on Stolen Souls
 49092 | Crypt:3  | Learned a level 7 spell: Haunt
 49095 | Crypt:3  | Identified the +1 dagger "Irghabbi" {chaos, rElec rF+
                  | Str-5}
 49301 | Depths:1 | Entered Level 1 of the Depths
 49372 | Depths:1 | Found a gateway to Hell.
 49709 | Depths:1 | Found an iron altar of Okawaru.
 50031 | Depths:1 | Found an ornate altar of the Wu Jian Council.
 50401 | Depths:2 | Reached skill level 15 in Necromancy
 50641 | Depths:2 | Noticed Nikola
 50705 | Depths:1 | Killed Nikola
 50909 | Depths:2 | Identified the +0 chain mail of Yskaiher {rPois}
 51151 | Depths:2 | Gained mutation: When low on magic, you restore magic in
                  | place of health. [demonic ancestry]
 51151 | Depths:2 | Reached XP level 24. HP: 191/191 MP: 40/40
 51644 | Depths:2 | Found Xutuqo Zoqu's Jewellery Shoppe.
 51683 | Depths:2 | Found a one-way gateway to a ziggurat.
 52223 | Depths:3 | Reached skill level 15 in Dodging
 52469 | Depths:3 | Identified the ring of Quzeosez {Ice rElec rPois Int-2
                  | Stlth+}
 53440 | Depths:3 | Found a one-way gate to the infinite horrors of the Abyss.
 53555 | Depths:4 | Entered Level 4 of the Depths
 53754 | Depths:4 | Found a transporter.
 53754 | Depths:4 | Noticed Unolod's ghost (adept MiBe)
 53823 | Depths:4 | Found a transporter.
 53879 | Depths:4 | Found a corrupted altar of Lugonu.
 53939 | Depths:4 | Found a radiant altar of Vehumet.
 54071 | Depths:4 | Found a gate to the Realm of Zot.
 54203 | Depths:4 | Reached skill level 15 in Spellcasting
 54260 | Depths:4 | Found a shadowy altar of Dithmenos.
 55016 | Lair:4   | Found a staircase to the Slime Pits.
 55691 | Vaults:1 | Identified the +4 chain mail of Vupsiu {rN+}
 55705 | Vaults:1 | Identified the +8 arbalest "Bewygoiv" {elec, Int+3}
 55712 | Vaults:1 | Identified the ring "Huchior" {Ice rN+ Int+6 Dex-4}
 55720 | Vaults:1 | Got the Enchiridion on Wicked Rites
 55724 | Vaults:1 | Identified the ring of the Fool {rPois MP+9}
 55871 | Vaults:5 | Entered Level 5 of the Vaults
 56106 | Vaults:4 | Reached XP level 25. HP: 182/197 MP: 42/42
 56135 | Vaults:5 | Noticed Mennas
 56170 | Vaults:5 | Identified the +8 short sword of the Hummingbird
                  | {antimagic, rF+}
 56441 | Vaults:5 | Paralysed by a sphinx for 5 turns
 56723 | Vaults:5 | Found Syrghusche's Assorted Antiques.
 56747 | Vaults:5 | Identified the ring "Loterok" {Fire Will+}
 56755 | Vaults:5 | Identified the +1 cloak of Lust {Int+2}
 56761 | Vaults:5 | Bought a scroll of teleportation for 135 gold pieces
 56762 | Vaults:5 | Identified the +5 scale mail "Laschyu" {+Inv rElec}
 56811 | Vaults:5 | Identified the ring "Jodi" {Ice Will+ Dex+4}
 57152 | Vaults:5 | Killed Mennas
 57221 | Vaults:5 | Found the +3 pair of gauntlets of War {Slay+5}
 57507 | Vaults:5 | Identified the ring "Qajutz" {rN+++ Str+6 Stlth-}
 57750 | Vaults:5 | Got Sif Muna's Codex of Wanderlust
 57878 | Vaults:5 | Got a silver rune of Zot
 57920 | Vaults:5 | Identified the +3 scale mail of True Grit {rPois Dex+3}
 58230 | Vaults:5 | Identified the +11 great sword of Inference {freeze, Int+5
                  | Dex+2}
 58297 | Vaults:5 | Learned a level 8 spell: Necromutation
 58440 | Vaults:3 | Killed Fypuno Aqar's ghost
 58457 | Vaults:3 | Killed Uhurudgh's ghost
 58511 | Vaults:3 | Identified the +1 pair of boots of Anaesthesia {Harm +Inv
                  | Int-4 Slay+3}
 58514 | Vaults:3 | Identified the +2 helmet of the Jabberwock {Will- Dex+3}
 58539 | Vaults:3 | Learned a level 2 spell: Lesser Beckoning
 58798 | Depths:4 | Killed Unolod's ghost
 58836 | Depths:4 | Identified the ring of Nuoloo {rElec Will+ Str+6}
 59224 | Slime:1  | Entered Level 1 of the Pits of Slime
 59655 | Slime:2  | Noticed Dissolution
 59667 | Slime:2  | Killed Dissolution
 59897 | Slime:2  | You are sucked into a shaft and drop 1 floor!
 60052 | Slime:3  | Gained mutation: You sometimes lose your temper in combat.
                  | [a shining eye]
 60414 | Slime:3  | Reached XP level 26. HP: 202/205 MP: 42/42
 60646 | Slime:3  | Paralysed by a great orb of eyes for 3 turns
 61228 | Slime:5  | Entered Level 5 of the Pits of Slime
 61250 | Slime:5  | Reached skill level 15 in Transmutations
 61376 | Lair:4   | Lost mutation: You sometimes lose your temper in combat.
                  | [potion of mutation]
 61376 | Lair:4   | Gained mutation: You are vulnerable to heat. (rF-) [potion
                  | of mutation]
 61444 | Lair:2   | Lost mutation: You are vulnerable to heat. (rF-) [potion of
                  | mutation]
 61444 | Lair:2   | Gained mutation: Your body sometimes deteriorates upon
                  | taking damage. [potion of mutation]
 61444 | Lair:2   | Gained mutation: You are agile. (Dex +4, Str/Int -1)
                  | [potion of mutation]
 61444 | Lair:2   | Gained mutation: You have large cloven feet. [potion of
                  | mutation]
 61444 | Lair:2   | Gained mutation: Your mind is acute. (Int +4, Str/Dex -1)
                  | [potion of mutation]
 61682 | Slime:5  | Noticed the Royal Jelly
 61724 | Slime:5  | Killed the Royal Jelly
 62222 | Slime:5  | Found the +8 orange crystal plate armour {Archmagi, Int+3
                  | Clar}
 62238 | Slime:5  | Got a slimy rune of Zot
 62292 | Slime:5  | Identified the +3 crystal plate armour of Nigoid {Int+3}
 62305 | Slime:5  | Identified the ring "Reel Unk" {rF+ Int+6}
 62334 | Slime:5  | Identified the +8 ring mail of Dethra {Regen+ Str+2 Dex-2
                  | Slay+6}
 62763 | D:7      | Learned a level 7 spell: Storm Form
 63066 | Zot:1    | Entered Level 1 of the Realm of Zot
 63127 | Zot:1    | Found the +4 dragonskin cloak
 63127 | Zot:1    | Noticed Tiamat
 63132 | Zot:1    | Reached skill level 1 in Air Magic
 63194 | Zot:1    | Killed Tiamat
 63797 | Zot:1    | Reached skill level 5 in Air Magic
 64591 | Zot:2    | Noticed an orb of fire
 64592 | Zot:2    | Gained mutation: You are frail. (-10% HP) [an orb of fire]
 64619 | Zot:2    | Killed an orb of fire
 65471 | Zot:3    | Noticed an orb of fire
 65486 | Zot:3    | Killed an orb of fire
 65564 | Zot:3    | Reached skill level 15 in Armour
 65912 | Zot:3    | Gained mutation: You are completely covered in sharp
                  | spines. [demonic ancestry]
 65912 | Zot:3    | Reached XP level 27. HP: 145/189 MP: 40/43
 67518 | Zot:4    | Lost mutation: Your body sometimes deteriorates upon taking
                  | damage. [potion of mutation]
 67518 | Zot:4    | Lost mutation: You are frail. (-10% HP) [potion of
                  | mutation]
 67518 | Zot:4    | Gained mutation: You are strong-willed. (Will+) [potion of
                  | mutation]
 67518 | Zot:4    | Gained mutation: You are covered in fur. (AC +1) [potion of
                  | mutation]
 67518 | Zot:4    | Gained mutation: You sometimes lose your temper in combat.
                  | [potion of mutation]
 67518 | Zot:4    | Lost mutation: You sometimes lose your temper in combat.
                  | [potion of mutation]
 67861 | D:15     | Learned a level 2 spell: Wereblood
 68008 | Pan      | Entered the realm of Gloorx Vloq.
 68008 | Pan      | Entered Pandemonium
 68029 | Pan      | Identified the ring "Ugit" {rPois rN+ Dex+3}
 68062 | Pan      | Noticed Ignacio
 68076 | Pan      | Killed Ignacio
 68720 | Pan      | Noticed Gloorx Vloq
 68793 | Pan      | Killed Gloorx Vloq
 68900 | Pan      | Got a dark rune of Zot
 69224 | Pan      | Noticed Wosig the pandemonium lord
 69248 | Pan      | Killed Wosig the pandemonium lord
 69267 | Pan      | Identified the +2 sling "Dragonbane" {flame, Str-4 Dex+3
                  | SInv}
 69270 | Pan      | Got a demonic rune of Zot
 69415 | Pan      | Noticed Mokailysch the pandemonium lord
 69426 | Pan      | Paralysed by a floating eye for 3 turns
 69436 | Pan      | Killed Mokailysch the pandemonium lord
 69501 | Pan      | Entered the realm of Lom Lobon.
 69798 | Pan      | Noticed Lom Lobon
 70386 | Pan      | Reached skill level 13 in Invocations
 70993 | Pan      | Killed Lom Lobon
 71137 | Pan      | Got a magical rune of Zot
 71264 | Pan      | Reached skill level 14 in Invocations
 71517 | Pan      | Identified the +0 ring mail of Analysis {Int+2}
 71660 | Pan      | Reached skill level 15 in Invocations
 71989 | Pan      | Noticed Fefitzep the pandemonium lord
 72025 | Pan      | Killed Fefitzep the pandemonium lord
 72028 | Pan      | Reached skill level 16 in Invocations
 72133 | Pan      | Entered the realm of Cerebov.
 72266 | Pan      | Reached skill level 5 in Shields
 72293 | Pan      | Found the +6 sword of Cerebov {flame}
 72293 | Pan      | Noticed Cerebov
 72455 | Pan      | Killed Cerebov
 72525 | Pan      | Identified the +2 falchion "Inleface" {spect, rCorr Int+3}
 72579 | Pan      | Identified the +4 troll leather armour of the Enchanted
                  | Forest {rElec rF+ Regen+}
 72582 | Pan      | Got the Catalogue of Translocation
 72604 | Pan      | Identified the +3 trident of Defence by Offence {venom, rF-
                  | rC+++ rN++}
 72610 | Pan      | Identified the ring "Uducin" {rN+ rCorr Str+6 Int-4}
 72628 | Pan      | Identified the +5 trident "Lifebane" {holy, rF+ Will++ MP+9
                  | Int+3}
 72633 | Pan      | Got the Precepts of the Figure and the Discharge
 72655 | Pan      | Got a fiery rune of Zot
 72712 | Pan      | Entered the realm of Mnoleg.
 72784 | Pan      | Noticed Mnoleg
 72827 | Pan      | Killed Mnoleg
 72836 | Pan      | Reached skill level 10 in Evocations
 72961 | Pan      | Got a glowing rune of Zot
 73037 | Pan      | Found an exit through the horrors of the Abyss.
 73160 | Pan      | Took an exit into the Abyss.
 73160 | Abyss:4  | Escaped into the Abyss
 73655 | Abyss:4  | Reached skill level 10 in Shields
 73720 | Abyss:4  | Paralysed by accursed screaming for 1 turns
 73730 | Abyss:4  | Paralysed by accursed screaming for 1 turns
 73750 | Abyss:4  | Got an abyssal rune of Zot
 73756 | Abyss:4  | Paralysed by accursed screaming for 1 turns
 73762 | Abyss:4  | Paralysed by accursed screaming for 1 turns
 73902 | Abyss:5  | Found a corrupted altar of Lugonu.
 73986 | Abyss:5  | Noticed an ancient lich
 73992 | Abyss:5  | Killed an ancient lich
 74024 | Depths:2 | Escaped the Abyss
 74025 | Depths:2 | Upgraded the game from 0.30-a0-756-gc2185399d4 to
                  | 0.30-a0-760-g5a9884bb7c
 74068 | Hell     | Entered the Vestibule of Hell
 74068 | Hell     | Noticed Geryon
 74086 | Hell     | Killed Geryon
 74201 | Hell     | Found a gateway to the freezing wastes of Cocytus.
 74518 | Hell     | Found a gateway to the Iron City of Dis.
 74586 | Hell     | Found a gateway to the ashen valley of Gehenna.
 74737 | Hell     | Found a gateway to the decaying netherworld of Tartarus.
 74879 | Tar:1    | Entered Level 1 of Tartarus
 75064 | Tar:3    | Noticed a dread lich
 75068 | Tar:3    | Killed a dread lich
 75518 | Tar:5    | You are sucked into a shaft and drop 1 floor!
 75683 | Tar:7    | Entered Level 7 of Tartarus
 75877 | Tar:7    | Reached skill level 15 in Evocations
 76214 | Tar:7    | Found the +7 great mace "Firestarter" {flame, inner flame,
                  | rFlCloud rF++}
 76214 | Tar:7    | Found the amulet of the Four Winds {rN+ Will+++ Clar}
 76221 | Tar:7    | Identified the +2 cloak of Panentheism {Drain rC++ Regen+
                  | Str+3}
 76420 | Tar:7    | Identified the +1 arbalest of Uncertain Death {elec, rElec
                  | rC+}
 76553 | Tar:7    | Noticed a dread lich
 76553 | Tar:7    | Noticed a dread lich
 76557 | Tar:7    | Killed a dread lich
 76560 | Tar:7    | Killed a dread lich
 76562 | Tar:7    | Noticed a dread lich
 76568 | Tar:7    | Killed a dread lich
 76720 | Tar:7    | Identified the +0 quarterstaff of Dissatisfaction {venom,
                  | rF+++ Dex-4 SInv}
 76722 | Tar:7    | Identified the ring "Vedghuhy" {rElec rF+++ EV+5 Int-3
                  | Slay-6}
 76725 | Tar:7    | Identified the +6 sling "Soaphim" {antimagic, rC+ Dex+7}
 76726 | Tar:7    | Identified the +1 helmet of the Lost Feeding Souls {Dex+3}
 76770 | Tar:7    | Noticed Ereshkigal
 76862 | Tar:7    | Killed Ereshkigal
 76890 | Tar:7    | Got a bone rune of Zot
 77234 | Orc:2    | Bought a scroll of teleportation for 33 gold pieces
 77234 | Orc:2    | Bought a scroll of enchant armour for 82 gold pieces
 77234 | Orc:2    | Bought a scroll of fog for 44 gold pieces
 77234 | Orc:2    | Bought a scroll of teleportation for 33 gold pieces
 77423 | Snake:1  | Bought a scroll of blinking for 127 gold pieces
 77423 | Snake:1  | Bought a scroll of teleportation for 51 gold pieces
 77423 | Snake:1  | Bought 3 scrolls of enchant armour for 382 gold pieces
 77423 | Snake:1  | Bought a scroll of magic mapping for 127 gold pieces
 77423 | Snake:1  | Bought a scroll of magic mapping for 127 gold pieces
 77423 | Snake:1  | Bought a scroll of teleportation for 51 gold pieces
 77423 | Snake:1  | Bought a scroll of fear for 68 gold pieces
 77541 | Shoals:2 | Bought a potion of resistance for 140 gold pieces
 77541 | Shoals:2 | Bought a potion of heal wounds for 70 gold pieces
 77541 | Shoals:2 | Bought 2 potions of resistance for 280 gold pieces
 77541 | Shoals:2 | Bought a potion of might for 56 gold pieces
 77541 | Shoals:2 | Bought 2 potions of heal wounds for 140 gold pieces
 77743 | Orc:2    | Bought 2 potions of heal wounds for 140 gold pieces
 77957 | Coc:1    | Entered Level 1 of Cocytus
 78138 | Coc:3    | Paralysed by a wendigo for 1 turns
 78506 | Coc:7    | Entered Level 7 of Cocytus
 78618 | Coc:7    | Noticed the Serpent of Hell
 78633 | Coc:7    | Killed the Serpent of Hell
 78681 | Coc:7    | Noticed a dread lich
 78787 | Coc:7    | Identified the ring of Asyuggumi {rPois rN+++ Str+4 Int-5
                  | Dex-4}
 78787 | Coc:7    | Paralysed by a wendigo for 1 turns
 78818 | Coc:7    | Paralysed by a wendigo for 1 turns
 78821 | Coc:7    | Paralysed by a wendigo for 1 turns
 78902 | Coc:7    | Paralysed by a wendigo for 1 turns
 79120 | Coc:7    | Paralysed by a dread lich for 3 turns
 79127 | Coc:7    | Killed a dread lich
 79228 | Coc:7    | Paralysed by a wendigo for 1 turns
 79315 | Coc:7    | Noticed Antaeus
 79345 | Coc:7    | Killed Antaeus
 79367 | Coc:7    | Got an icy rune of Zot
 79517 | Geh:1    | Entered Level 1 of Gehenna
 80118 | Geh:7    | Entered Level 7 of Gehenna
 80832 | Geh:7    | Found the +7 sceptre of Asmodeus
 80832 | Geh:7    | Noticed Asmodeus
 80852 | Geh:7    | Killed Asmodeus
 80893 | Geh:7    | Got an obsidian rune of Zot
 81087 | Dis:1    | Entered Level 1 of the Iron City of Dis
 81101 | Dis:1    | You are sucked into a shaft and drop 1 floor!
 81512 | Dis:5    | Reached skill level 17 in Invocations
 81701 | Dis:6    | Reached skill level 18 in Invocations
 81717 | Dis:6    | Reached skill level 19 in Invocations
 81743 | Dis:7    | Entered Level 7 of the Iron City of Dis
 81788 | Dis:7    | Reached skill level 20 in Invocations
 81930 | Dis:7    | Reached skill level 21 in Invocations
 82036 | Dis:7    | Reached skill level 22 in Invocations
 82504 | Dis:7    | Reached skill level 23 in Invocations
 82759 | Dis:7    | Reached skill level 24 in Invocations
 82767 | Dis:7    | Noticed a juggernaut
 82778 | Dis:7    | Killed a juggernaut
 82954 | Dis:7    | Noticed a juggernaut
 82974 | Dis:7    | Killed a juggernaut
 82975 | Dis:7    | Reached skill level 25 in Invocations
 82990 | Dis:7    | Noticed a juggernaut
 82997 | Dis:7    | Killed a juggernaut
 83007 | Dis:7    | Found the +4 staff of Dispater
 83007 | Dis:7    | Noticed Dispater
 83081 | Dis:7    | Killed Dispater
 83102 | Dis:7    | Found the +8 arc blade {discharge, rElec}
 83116 | Dis:7    | Got an iron rune of Zot
 83117 | Dis:7    | Identified the +8 chain mail "Gunayh" {*Corrode rPois Int+3
                  | Slay+4}
 83608 | Tomb:1   | Entered Level 1 of the Tomb of the Ancients
 83729 | Tomb:1   | Reached skill level 26 in Invocations
 84092 | Tomb:1   | Noticed a royal mummy
 84093 | Tomb:1   | Noticed a royal mummy
 84099 | Tomb:1   | Killed a royal mummy
 84108 | Tomb:1   | Killed a royal mummy
 84109 | Tomb:1   | Reached skill level 27 in Invocations
 84390 | Tomb:2   | Noticed a royal mummy
 84390 | Tomb:2   | Noticed a royal mummy
 84390 | Tomb:2   | Noticed Boris
 84393 | Tomb:2   | Noticed a royal mummy
 84531 | Tomb:3   | Entered Level 3 of the Tomb of the Ancients
 84542 | Tomb:3   | Noticed a royal mummy
 84542 | Tomb:3   | Noticed a royal mummy
 84542 | Tomb:3   | Noticed a royal mummy
 84542 | Tomb:3   | Noticed a royal mummy
 84542 | Tomb:3   | Noticed a royal mummy
 84542 | Tomb:3   | Noticed a royal mummy
 84629 | Tomb:3   | Noticed a royal mummy
 84656 | Tomb:3   | Killed a royal mummy
 84662 | Tomb:3   | Killed a royal mummy
 84683 | Tomb:3   | Noticed Khufu
 84698 | Tomb:3   | Killed Khufu
 84726 | Tomb:3   | Noticed a royal mummy
 84739 | Tomb:3   | Killed a royal mummy
 84747 | Tomb:3   | Killed a royal mummy
 84756 | Tomb:3   | Killed a royal mummy
 84765 | Tomb:3   | Killed a royal mummy
 84794 | Tomb:3   | Killed a royal mummy
 84914 | Tomb:3   | Killed a royal mummy
 84916 | Tomb:3   | Got a golden rune of Zot
 84934 | Tomb:3   | Identified the +4 kite shield "Rahimien" {Regen+ Str+3}
 84952 | Tomb:3   | Found the +7 great mace "Undeadhunter" {deathbane, rN+}
 84973 | Tomb:3   | Identified the amulet of Yquorchasch {Acrobat rCorr}
 84992 | Tomb:3   | Identified the ring "Quumarir" {rCorr Int+5}
 85000 | Tomb:3   | Identified the +1 leather armour of Awe {Rampage rElec MP+9
                  | Int-2}
 85006 | Tomb:3   | Got the Directory of the Compass and Firn
 85015 | Tomb:3   | Identified the +2 sling "Dragonslayer" {drain, Will+}
 85046 | Tomb:3   | Identified the +8 rapier of Mycexuq {elec, rC++ rCorr
                  | Int-4}
 85049 | Tomb:3   | Identified the ring "Fofuysid" {Fly Dex+6}
 85054 | Tomb:3   | Identified the +4 scale mail of the Final Nightcaps {rC++
                  | rN+}
 85063 | Tomb:3   | Got the Atlas of Coordinates and Austromancy
 85167 | Tomb:3   | Identified the +1 fire dragon scales "Xemoxt" {rF++ rC-
                  | Int+2}
 85177 | Tomb:3   | Got the Tome of Context
 85184 | Tomb:3   | Identified the +8 war axe of the Four Queens {venom, rPois
                  | Int+2}
 85925 | Zot:5    | Entered Level 5 of the Realm of Zot
 86832 | Zot:5    | Noticed a dread lich
 86860 | Zot:5    | Killed a dread lich
 86941 | Zot:5    | Noticed an orb of fire
 86960 | Zot:5    | Killed an orb of fire
 86965 | Zot:5    | Noticed a dread lich
 86974 | Zot:5    | Noticed an orb of fire
 86976 | Zot:5    | Killed a dread lich
 86986 | Zot:5    | Killed an orb of fire
 87024 | Zot:5    | Noticed a dread lich
 87033 | Zot:5    | Killed a dread lich
 87043 | Zot:5    | Noticed an ancient lich
 87056 | Zot:5    | Killed an ancient lich
 87153 | Zot:5    | Noticed an ancient lich
 87154 | Zot:5    | Noticed an orb of fire
 87155 | Zot:5    | Noticed a dread lich
 87155 | Zot:5    | Noticed an orb of fire
 87167 | Zot:5    | Killed an orb of fire
 87171 | Zot:5    | Killed a dread lich
 87174 | Zot:5    | Killed an ancient lich
 87185 | Zot:5    | Killed an orb of fire
 87190 | Zot:5    | Identified the +3 leather armour of Makhleb's Vengeance
                  | {rC+}
 87202 | Zot:5    | Got the Orb of Zot
 87856 | D:1      | Noticed Dogiw the pandemonium lord
 87871 | D:1      | Killed Dogiw the pandemonium lord
 87924 | D:$      | Escaped with the Orb!

Illustrated notes

Levels and vault maps discovered:
D:1:      co_arrival_square_in_a_square_in_a_square, layout_loops_corners,
          nicolae_shop_unique_rings, grunt_decor_clamped
D:2:      layout_basic, minmay_fountain_box, minmay_misc_feat_roman
D:3:      layout_rooms, dilly_ecumenical_altar_fadedgnrine, serial_shops, shop,
          shop, shop
D:4:      wad_woods_stonehenge, layout_loops_cross,
          mainiacjoe_overflow_catwalk_spiral, nicolae_overflow_hidden_temple,
          uniq_sigmund, uniq_blork_the_orc
D:5:      layout_loops_ring, marbit_many_paths, minmay_temple_entry_mini_moons,
          serial_rivers, chequers_serial_rivers_small_3,
          chequers_serial_rivers_small_3, chequers_serial_rivers_large_b,
          chequers_serial_rivers_room_b, uniq_duvessa, uniq_eustachio,
          uniq_crazy_yiuf_cottage, uniq_menkaure
D:6:      layout_cave_pods, mainiacjoe_overflow_tiny_flanked, uniq_maggie
D:7:      layout_loops_ring
D:8:      layout_basic, good_gods_mini_temple, erik_lair_island, enter_bailey_6
D:9:      layout_stronghold, st_stairs_10, minmay_tree_intersection
D:10:     layout_rooms, david_orc_2, nicolae_shop_sticking_my_neck_out,
          uniq_maurice
D:11:     layout_rooms, serial_shops, kennysheep_little_box,
          serial_bayou_ford_a, kennysheep_nondescript, kennysheep_orc_sif_temple
D:12:     layout_irregular_city
D:13:     layout_stronghold, serial_shops, shop, serial_undead, serial_undead_a,
          serial_undead_e, serial_undead_b, serial_undead_d, minmay_three_doors
D:14:     layout_basic, ximxim_vaults_locker_room,
          portal_ice_cave_entry_pillars_2, interstate_on_off, uniq_lodul
D:15:     grunt_enter_depths_hoard, layout_loops_corners, minmay_parallelograms,
          enter_trove_6, minmay_misc_feat_cross, uniq_josephine
Temple:   nicolae_temple_two_arcs
Lair:1:   layout_regular_city, beast_lair_carwin_1
Lair:2:   layout_gridlike, minmay_shoals_entry_lonely_mermaid,
          gammafunk_ghost_arena, infiniplex_staircase_pool_2, uniq_gastronok
Lair:3:   layout_regular_city, minmay_snake_entry_guardpost_medium,
          minmay_holes, serial_bayou_shore_a, serial_bayou_shore_b,
          grunt_megastairs_5, uniq_kirke
Lair:4:   gammafunk_mikee_crab_dinner, layout_regular_city,
          minmay_slime_entry_oklob_enclosed
Lair:5:   guppyfry_lair_end_dragon, layout_regular_city,
          hangedman_lair_in_review, gauntlet_entry_generic, lemuel_fruit_tree
Shoals:1: nicolae_shoals_island_circles, layout_shoals, serial_shops, shop,
          uniq_roxanne
Shoals:2: layout_shoals, serial_shops, shop
Shoals:3: layout_shoals, nicolae_shoals_lost_giant_temple
Shoals:4: shoals_end_hellmonk_storm_palace [storm_palace_center_square,
          storm_palace_corner_grid, storm_palace_corner_pillars,
          storm_palace_corner_altar, storm_palace_corner_narrow], serial_shops,
          uniq_aizul
Snake:1:  layout_onion_interference, serial_shops, shop, dpeg_stationary_puzzle,
          grunt_megastairs_4
Snake:2:  layout_onion
Snake:3:  layout_rooms, nicolae_snake_lava_pool, grunt_megastairs_2
Snake:4:  hellmonk_snake_rune_quicksilver_temple, layout_rooms, uniq_saint_roka,
          uniq_vashnia
Slime:1:  layout_caves, cheibrodos_slime_lost_civilization_4
Slime:2:  layout_caves, uniq_dissolution
Slime:3:  layout_caves, special_room [special_room_jelly]
Slime:4:  layout_caves
Slime:5
Orc:1:    orc_temple, layout_caves, hellmonk_ghost_happy_afterlife, basic_altar
Orc:2:    pf_orc_diabolical, layout_diamond_mine
Elf:1:    elf_arrival_001, layout_rooms, orc_legates, minivault_28
Elf:2:    nicolae_elf_blades_splatter_lattice
          [nicolae_blade_entry_hurt_lockers], layout_geoelf_octagon,
          due_unseen_surprise
Elf:3:    elf_hall, layout_geoelf_castle, not_door_vault_due
Vaults:1: gammafunk_dig_for_victory, hangedman_vaults_stitches,
          hangedman_vaults_hat, ontoclasm_vaults_chip,
          nicolae_vaults_yaktaur_gun_rack, v_rooms_6, ontoclasm_vaults_idyll,
          vaults_room_stairs_pillars, dpeg_vaults_monster_box,
          layout_vaults_chaotic_city, serial_shops,
          nicolae_shop_bloodbath_and_beyond
Vaults:2: vaults_room_stairs_pillars, vaults_room_fancy_cross, st_squares,
          nicolae_vaults_disjoint_gnomons, hangedman_vaults_stretched_pinwheel,
          nicolae_vaults_angled_halls, nicolae_vaults_little_squares_6,
          ontoclasm_vaults_ring_small, minmay_crypt_entry_simple_box, v_misc_1,
          v_misc_2, ontoclasm_vaults_ring_square, vaults_standard_mumra_x,
          nicolae_vaults_network_periphery, nicolae_vaults_mini_display_case,
          layout_vaults_omnicross
Vaults:3: nzn_ghost_randoct, v_misc_4, hangedman_vaults_corner,
          vaults_room_pool, v_misc_27, layout_vaults_quadrants, uniq_boris
Vaults:4: vaults_mumra_minichess, nicolae_vaults_stairing_the_circle,
          nicolae_vaults_little_squares_2, v_misc_30, vaults_room_door_ring,
          hangedman_vaults_maws, vaults_room_pools, hangedman_vaults_cutoff,
          serial_ice_h, vaults_dpeg_spiral, v_misc_1, layout_vaults_maze_snakey,
          serial_shops, shop, uniq_bai_suzhen
Vaults:5: serial_shops, uniq_margery, uniq_mennas
Crypt:1:  layout_gridlike, uniq_vv, uniq_frederick
Crypt:2:  layout_regular_city, serial_glass, glass_columns_a, glass_columns_c,
          due_unseen_surprise, basic_altar, lemuel_upstairs_altar, uniq_donald,
          uniq_sojobo
Crypt:3:  david_glass_crypt, layout_chaotic_city,
          nicolae_tomb_entry_grand_gallery, st_vampire_maze
Tomb:1
Tomb:2
Tomb:3
Depths:1: layout_gridville, okawaru_gym_becter, grunt_metal_band,
          nicolae_wu_jian_immortal_techniques
Depths:2: cheibrodos_poisonous_passages, layout_cross, enter_ziggurat_f,
          hellmouth_1, serial_shops, shop, rand_demon_pan_entry_4,
          minmay_staircase_windowed_large, serial_bayou_shore_b, uniq_nikola
Depths:3: nzn_winding_woodlands_stair_trap [nzn_winding_woodlands_5x15_pockets,
          nzn_winding_woodlands_5x15_sidewinder,
          nzn_winding_woodlands_5x15_parted,
          nzn_winding_woodlands_15x15_five_gardens,
          nzn_winding_woodlands_5x15_split_checker,
          nzn_winding_woodlands_5x15_garden, nzn_winding_woodlands_5x15_cabin],
          layout_gridlike, grunt_hell_entry_dis_old, grunt_decor_mini_mirrors,
          abyss_entry
Depths:4: grunt_zot_entry_alcove, layout_basic, abyss_entry_flame_altar,
          hell_entry, nicolae_dithmenos_through_a_glass_darkly,
          gammafunk_ghost_berserking_beasts, grunt_ministairs_6,
          nicolae_vehumet_altar_sigil
Hell
Dis:1:    layout_jigsaw
Dis:2:    layout_gridville, minmay_strange_pillars
Dis:3:    layout_subdivisions, nicolae_dis_grated_feature
Dis:4:    layout_subdivisions
Dis:5:    layout_gridville
Dis:6:    layout_regular_city
Dis:7:    dis_grunt_layers
Geh:1:    layout_gehenna_pools_triple, minmay_fire_ice_demons
Geh:2:    layout_gehenna_lava_caves
Geh:3:    layout_gehenna_pools_basic, lemuel_flamethrower_3
Geh:4:    layout_gehenna_lava_caves, nicolae_geh_single_fiery_grave
Geh:5:    layout_gehenna_pools_basic
Geh:6:    layout_gehenna_lava_caves
Geh:7:    geh_grunt
Coc:1:    layout_cocytus_water_paths
Coc:2:    layout_cocytus_water_paths
Coc:3:    nicolae_hells_giants_party, layout_ice_bergs
Coc:4:    layout_cocytus_water_paths
Coc:5:    layout_ice_bergs
Coc:6:    layout_cocytus_water_paths
Coc:7:    coc_hangedman
Tar:1:    layout_cathedral_of_symmetry
Tar:2:    layout_grid_maze
Tar:3:    layout_catacombs, nicolae_tar_four_comb_rooms
Tar:4:    layout_catacombs, nicolae_tar_cuneiform_sun
Tar:5:    layout_honeycomb
Tar:6:    layout_grid_maze
Tar:7:    tar_old
Zot:1:    layout_basic, grunt_megastairs_1, uniq_josephina, uniq_tiamat
Zot:2:    layout_gridlike, hangedman_zot_decor_tridents
Zot:3:    grunt_twist_and_shout, layout_cathedral_of_symmetry
Zot:4:    layout_basic, st_single_dragon_hoard_1, bh_zot_lava_cross
Zot:5:    layout_cathedral_of_symmetry

Skill      XL: |  1  2  3  4  5  6  7  8  9 10 11 12 13 14 15 16 17 18 19 20 21 22 23 24 25 26 27 |
---------------+----------------------------------------------------------------------------------+-----
Stealth        | 2 3 |  3.1
Dodging        | 2 3 5 8 10 11 12 13 14 17 23 | 23.1
Fighting       | 2 3 5 7 8 10 12 13 15 16 23 | 23.8
Spellcasting   | 1 3 4 6 7 8 9 10 11 13 15 16 18 | 18.9
Summonings     | 1 3 5 7 8 10 11 | 11.7
Invocations    | 5 7 8 11 12 27 | 27.0
Evocations     | 5 9 15 | 15.0
Unarmed Combat | 4 9 11 13 14 15 16 19 20 24 | 24.6
Hexes          | 3 |  3.2
Translocations | 1 7 8 9 |  9.8
Shields        | 4 14 | 14.4
Armour         | 3 6 8 9 10 11 12 13 15 21 | 21.1
Transmutations | 7 10 14 16 18 | 18.1
Necromancy     | 9 16 17 19 | 19.9
Air Magic      | 6 |  6.5

Action                     |  1- 3 |  4- 6 |  7- 9 | 10-12 | 13-15 | 16-18 | 19-21 | 22-24 | 25-27 || total
---------------------------+-------+-------+-------+-------+-------+-------+-------+-------+-------++-------
  Melee: Dagger            |   139 |   146 |   189 |   516 |   246 |       |       |       |       ||  1236
         Unarmed           |       |       |       |       |   604 |  1557 |  1958 |  2046 |  6930 || 13095
         Punch             |       |       |       |       |       |       |       |     2 |    34 ||    36
  Throw: Dart              |       |       |     1 |       |     2 |     1 |     1 |       |     1 ||     6
   Cast: Call Canine Famil |       |       |    25 |    59 |    52 |     5 |       |       |       ||   141
         Summon Mana Viper |       |       |       |       |    94 |    78 |    97 |    66 |    23 ||   358
         Summon Cactus Gia |       |       |       |       |    24 |    32 |    16 |    12 |     4 ||    88
         Manifold Assault  |       |       |       |       |       |       |    48 |    17 |     8 ||    73
         Blink             |       |       |       |       |       |       |     1 |       |    17 ||    18
         Dispel Undead     |       |       |       |       |       |       |       |    57 |    78 ||   135
         Blade Hands       |       |       |       |       |       |       |       |     1 |     3 ||     4
         Haunt             |       |       |       |       |       |       |       |     8 |    31 ||    39
         Necromutation     |       |       |       |       |       |       |       |       |   256 ||   256
         Storm Form        |       |       |       |       |       |       |       |       |     9 ||     9
         Lesser Beckoning  |       |       |       |       |       |       |       |       |     2 ||     2
         Wereblood         |       |       |       |       |       |       |       |       |     1 ||     1
 Invoke: Temporal Distorti |       |       |       |       |     3 |     2 |       |    11 |    30 ||    46
         Slouch            |       |       |       |       |     1 |       |     4 |       |     9 ||    14
         Step From Time    |       |       |       |       |       |       |       |     2 |     4 ||     6
         Bend Time         |       |       |       |       |       |       |       |     2 |    15 ||    17
Ability: End Transformatio |       |       |       |       |       |       |       |       |     9 ||     9
         Blinkbolt         |       |       |       |       |       |       |       |       |     4 ||     4
  Evoke: Wand              |       |     8 |     1 |    11 |     5 |     2 |     5 |    14 |    36 ||    82
         Phial of floods   |       |       |       |       |       |       |     1 |     1 |     6 ||     8
         Condenser vane    |       |       |       |       |       |       |       |     1 |     8 ||     9
         Box of beasts     |       |       |       |       |       |       |       |       |     3 ||     3
         Phantom mirror    |       |       |       |       |       |       |       |       |     2 ||     2
    Use: Potion            |       |       |     2 |       |     2 |       |     1 |     5 |    35 ||    45
         Scroll            |       |       |    14 |     7 |    13 |    13 |     7 |     5 |    35 ||    94
   Stab: Sleeping          |    11 |     4 |     7 |     5 |     6 |    18 |    15 |     7 |    18 ||    91
         Paralysed         |       |     7 |     2 |     4 |       |       |       |       |       ||    13
         Distracted        |       |       |     3 |    19 |    18 |    23 |    34 |    25 |    37 ||   159
         Petrified         |       |       |       |       |     3 |       |       |       |       ||     3
         Invisible         |       |       |       |       |     2 |       |       |     7 |    16 ||    25
         Confused          |       |       |       |       |       |       |       |       |     4 ||     4
 Armour: Robe              |    15 |     6 |    28 |     6 |       |       |       |       |       ||    55
         Acid dragon scale |       |       |       |    60 |    76 |       |       |       |       ||   136
         Ring mail         |       |       |       |     2 |       |       |       |       |       ||     2
         Swamp dragon scal |       |       |       |       |    33 |   184 |   334 |   293 |  1410 ||  2254
         Skin              |       |       |       |       |       |       |       |       |    16 ||    16
  Dodge: Dodged            |    43 |    44 |   105 |   449 |   707 |  1378 |  1739 |  1662 |  5508 || 11635
         Repelled          |       |       |       |       |       |       |       |       |     4 ||     4
  Block: Buckler           |    37 |    86 |   129 |   412 |   660 |  1346 |  1759 |  1491 |  1888 ||  7808
         Other             |       |       |       |       |       |       |       |     2 |    25 ||    27
         Kite shield       |       |       |       |       |       |       |       |       |  5433 ||  5433

Table legend: (Time is in decaauts)
 A = Elapsed time spent in this place.
 B = Non-inter-level travel time spent in this place.
 C = Inter-level travel time spent in this place.
 D = Time resting spent in this place.
 E = Time spent auto-exploring this place.
 F = Levels seen in this place.
 G = Mean time per level.
                   A        B        C        D        E       F      G
               +--------+--------+--------+--------+--------+-----+--------+
         Total | 136117 | 116490 |  19627 |   8749 |  58158 | 110 | 1237.4 |
       Dungeon |  27031 |  19198 |   7833 |    978 |  13997 |  15 | 1802.1 |
        Temple |    132 |    119 |     13 |      0 |    110 |   1 |  132.0 |
          Lair |  11716 |   9413 |   2303 |    468 |   6785 |   5 | 2343.2 |
        Shoals |   6713 |   6149 |    564 |    166 |   3690 |   4 | 1678.2 |
     Snake Pit |   7530 |   6922 |    608 |    472 |   3962 |   4 | 1882.5 |
    Slime Pits |   4563 |   3862 |    701 |    614 |   1923 |   5 |  912.6 |
  Orcish Mines |   4337 |   3664 |    673 |    139 |   2545 |   2 | 2168.5 |
   Elven Halls |   6953 |   6839 |    114 |    692 |   3476 |   3 | 2317.7 |
        Vaults |  15138 |  13743 |   1395 |   1096 |   7921 |   5 | 3027.6 |
         Crypt |   5870 |   4875 |    995 |    208 |   3213 |   3 | 1956.7 |
          Tomb |   2788 |   2650 |    138 |     72 |      0 |   3 |  929.3 |
        Depths |  10216 |   7505 |   2711 |    805 |   4503 |   4 | 2554.0 |
          Hell |   1688 |   1287 |    401 |     68 |    631 |   1 | 1688.0 |
           Dis |   2867 |   2745 |    122 |    161 |      0 |   7 |  409.6 |
       Gehenna |   2191 |   2191 |      0 |    220 |     32 |   7 |  313.0 |
       Cocytus |   2005 |   1979 |     26 |     32 |      0 |   7 |  286.4 |
      Tartarus |   2832 |   2832 |      0 |      4 |      0 |   7 |  404.6 |
           Zot |   9547 |   8521 |   1026 |   1304 |   4259 |   5 | 1909.4 |
         Abyss |   2228 |   2228 |      0 |     44 |      0 |   4 |  557.0 |
   Pandemonium |   7435 |   7435 |      0 |    869 |    830 |  14 |  531.1 |
         Trove |    292 |    292 |      0 |      0 |     48 |   1 |  292.0 |
        Bailey |    509 |    509 |      0 |     60 |     87 |   1 |  509.0 |
      Ice Cave |   1043 |   1043 |      0 |    273 |    142 |   1 | 1043.0 |
      Gauntlet |    483 |    483 |      0 |      0 |      2 |   1 |  483.0 |
               +--------+--------+--------+--------+--------+-----+--------+

Top non-repeatable levels by time:
Vaults:1: 3503 daAuts
Vaults:5: 3371 daAuts
    D:15: 3320 daAuts
   Elf:3: 3285 daAuts
Depths:3: 3244 daAuts
Vaults:2: 3051 daAuts
  Lair:4: 3043 daAuts
Vaults:3: 2857 daAuts
Depths:1: 2772 daAuts
    D:14: 2647 daAuts
   Orc:2: 2561 daAuts
  Lair:3: 2446 daAuts
 Snake:1: 2432 daAuts
 Crypt:3: 2406 daAuts
   Zot:3: 2367 daAuts
